 Dungeon Crawl Stone Soup version 0.27-a0-1188-g73eefd5def (webtiles) character file.

Game seed: 1682537106156347071

1381080 kuzmorgo the Invulnerable (level 27, -11/174 HPs)
             Began as a Gnoll Warper on May 17, 2021.
             Was a High Priest of Ashenzari.
             Killed from afar by a hellion (22 damage)
             ... with damnation
             ... in Pandemonium on May 22, 2021.
             The game lasted 12:51:13 (113300 turns).

kuzmorgo the Invulnerable (Gnoll Warper)          Turns: 113300, Time: 12:51:14

Health: -11/174    AC: 46    Str: 31      XL:     27
Magic:  37/37      EV: 12    Int: 10 (20) God:    Ashenzari [*****.]
Gold:   10253      SH: 38    Dex: 13      Spells: 7/80 levels left

rFire    + . .     SeeInvis +   n - +9 eudemon blade (holy)
rCold    + + .     Faith    .   o - +18 shield of the Gong {rElec rN+ Will+ EV-5, Elem, Melee} (curse)
rNeg     + + .     Spirit   .   J - +8 orange crystal plate armour {Archmagi, Int+3 Clar, Bglg, Range} (curse)
rPois    +         Reflect  .   O - +2 hat "Shackled Together" {SInv, Melee, Elem} (curse)
rElec    +         Harm     .   t - +2 cloak of Ashenzari's Prison {Bglg, Fort} (curse)
rCorr    +         Rampage  .   X - +2 pair of gloves of the Cursed Trepidation {Stlth+, Comp, Elem} (curse)
Will     +++++     Clarity  +   U - +2 pair of boots of the Eye in the Sky {Stlth+, Self, Evo} (curse) Stlth +++++.....Rnd*Tele +
                                m - amulet of Supernal Gnosis {rElec rC++ Regen+ Dex-5, Evo, Self} (curse)
HPRegen  0.00/turn              a - ring of the Ruined Black Moon {Contam rF+ rN+ rCorr Str+6 Int+4, Comp, Fort} (curse)
MPRegen  0.25/turn              E - ring "Gnosis of the Sky" {Will++ Str+6 Dex+4, Range, Bglg} (curse)

@: unable to read, studying 2 skills
A: fangs 1, strong nose, distributed training, talons 1, thin skeletal structure
1, berserk 3, deformed body, deterioration 2, dopey 1, frail 3, low mp 3,
strong-willed 1, sense surroundings 1, poison resistance, screaming 1, inhibited
regeneration, teleportitis 1, weak 1, subdued magic 1, inability to read while
threatened
}: 14/15 runes: serpentine, barnacled, slimy, silver, iron, obsidian, icy, bone,
abyssal, demonic, glowing, magical, fiery, dark
a: Renounce Religion, Curse Item, Shatter the Chains


You were in Pandemonium.
You worshipped Ashenzari.
Ashenzari was extremely pleased with you.
You visited 16 branches of the dungeon, and saw 85 of its levels.
You visited Pandemonium 1 time, and saw 14 of its levels.
You visited the Abyss 1 time.
You visited 1 bazaar.
You visited 1 ziggurat, and saw 8 of its levels.
You also visited: Gauntlet.

You collected 21182 gold pieces.
You spent 10929 gold pieces at shops.

Inventory:

Hand Weapons
 h - a +9 demon trident of freezing
 l - the +8 hand axe "Ychaxtis" {vorpal, rF+ Str+4}
   (You found it on level 5 of the Pits of Slime)

   It inflicts extra damage upon your enemies.
   It affects your strength (+4).
   It protects you from fire.
 n - a +9 eudemon blade of holy wrath (weapon)
 T - the +7 sceptre of Asmodeus
   (You took it off Asmodeus on level 7 of Gehenna)
Missiles
 f - 14 silver javelins
 u - 16 boomerangs of dispersal (quivered)
 G - 28 atropa-tipped darts
 H - 33 curare-tipped darts
Armour
 o - the cursed +18 shield of the Gong (worn) {rElec rN+ Will+ EV-5, Elem, Melee}
   (You found it on level 5 of the Vaults)

   It affects your evasion (-5).
   It insulates you from electricity.
   It protects you from negative energy.
   It increases your willpower.
   It has a curse which improves the following skills: Elements: Fire Magic, Ice
   Magic, Air Magic and Earth Magic.
   Melee Combat: Short Blades, Long Blades, Axes, Maces & Flails, Polearms,
   Staves and Unarmed Combat.
 t - the cursed +2 cloak of Ashenzari's Prison (worn) {Bglg, Fort}
   (You found it on level 5 of the Dungeon)

   It has a curse which improves the following skills: Beguiling: Conjurations,
   Hexes and Translocations.
   Fortitude: Armour and Shields.
 y - the +2 tower shield of the Fiddle {rC+ rN+}
   (You took it off a daeva in Pandemonium)

   It protects you from cold.
   It protects you from negative energy.
 J - the cursed +8 orange crystal plate armour (worn) {Archmagi, Int+3 Clar, Bglg, Range}
   (You bought it in a shop on level 2 of the Orcish Mines)

   It affects your intelligence (+3).
   It protects you against confusion.
   It has a curse which improves the following skills: Beguiling: Conjurations,
   Hexes and Translocations.
   Ranged Combat: Slings, Bows, Crossbows and Throwing.
 O - the cursed +2 hat "Shackled Together" (worn) {SInv, Melee, Elem}
   (You found it on level 2 of the Snake Pit)

   It has a curse which improves the following skills: Melee Combat: Short
   Blades, Long Blades, Axes, Maces & Flails, Polearms, Staves and Unarmed
   Combat.
   Elements:  Fire Magic, Ice Magic, Air Magic and Earth Magic.
 U - the cursed +2 pair of boots of the Eye in the Sky (worn) {Stlth+, Self, Evo}
   (You found it in a Gauntlet)

   It has a curse which improves the following skills: Introspection: Fighting
   and Spellcasting.
   Evocations: Evocations.
 X - the cursed +2 pair of gloves of the Cursed Trepidation (worn) {Stlth+, Comp, Elem}
   (You found it on level 13 of the Dungeon)

   It has a curse which improves the following skills: Companions: Summonings
   and Necromancy.
   Elements:  Fire Magic, Ice Magic, Air Magic and Earth Magic.
Jewellery
 a - the cursed ring of the Ruined Black Moon (left hand) {Contam rF+ rN+ rCorr Str+6 Int+4, Comp, Fort}
   (You found it in a Gauntlet)

   [ring of strength]

   It affects your strength (+6).
   It affects your intelligence (+4).
   It protects you from fire.
   It protects you from negative energy.
   It causes magical contamination when unequipped.
   It protects you from acid and corrosion.
   It has a curse which improves the following skills: Companions: Summonings
   and Necromancy.
   Fortitude: Armour and Shields.
 m - the cursed amulet of Supernal Gnosis (around neck) {rElec rC++ Regen+ Dex-5, Evo, Self}
   (You found it in a Gauntlet)

   [amulet of regeneration]

   It affects your dexterity (-5).
   It greatly protects you from cold.
   It insulates you from electricity.
   It increases your rate of health regeneration.
   It has a curse which improves the following skills: Evocations: Evocations.
   Introspection: Fighting and Spellcasting.
 E - the cursed ring "Gnosis of the Sky" (right hand) {Will++ Str+6 Dex+4, Range, Bglg}
   (You found it on level 4 of the Shoals)

   [ring of strength]

   It affects your strength (+6).
   It affects your dexterity (+4).
   It greatly increases your willpower.
   It has a curse which improves the following skills: Ranged Combat: Slings,
   Bows, Crossbows and Throwing.
   Beguiling: Conjurations, Hexes and Translocations.
Wands
 b - a wand of iceblast (94)
 k - a wand of acid (56)
 q - a wand of paralysis (42)
 z - a wand of digging (20)
 M - a wand of charming (9)
 V - a wand of polymorph (8)
 W - a wand of flame (20)
Scrolls
 c - 12 scrolls of fog
 d - a scroll of blinking
 s - 9 scrolls of teleportation
 v - 2 scrolls of holy word
 w - 13 scrolls of immolation
 x - 5 scrolls of amnesia
 A - 4 scrolls of silence
 C - 3 scrolls of enchant armour
 D - 5 scrolls of fear
 F - a scroll of summoning
 I - 13 scrolls of magic mapping
Potions
 e - 2 potions of magic
 g - 13 potions of curing
 i - 9 potions of flight
 j - a potion of might
 p - 7 potions of brilliance
 r - 14 potions of attraction
 B - 13 potions of heal wounds
 K - 7 potions of ambrosia
 L - 3 potions of invisibility
 Q - 2 potions of haste
 R - 7 potions of cancellation
Miscellaneous
 N - the horn of Geryon
 Y - a lightning rod (4/4)
 Z - a condenser vane


   Skills:
 + Level 25.8(27) Fighting
 + Level 25.6(27) Short Blades
 + Level 25.6(27) Long Blades
 + Level 25.6(27) Axes
 + Level 25.6(27) Maces & Flails
 + Level 25.8(27) Polearms
 + Level 25.6(27) Staves
 O Level 27 Slings
 + Level 25.6(27) Bows
 + Level 25.6(27) Crossbows
 + Level 25.6(27) Throwing
 O Level 27 Armour
 + Level 25.8 Dodging
 + Level 25.6 Stealth
 + Level 25.6(27) Shields
 + Level 25.6(27) Unarmed Combat
 + Level 25.8(27) Spellcasting
 + Level 22.3(26.2) Conjurations
 + Level 22.3(26.2) Hexes
 + Level 22.3(25.2) Summonings
 + Level 22.3(25.2) Necromancy
 + Level 22.7(26.6) Translocations
 + Level 22.3 Transmutations
 + Level 22.3(26.2) Fire Magic
 + Level 22.3(26.2) Ice Magic
 + Level 22.3(26.2) Air Magic
 + Level 22.3(26.2) Earth Magic
 + Level 22.3 Poison Magic
 O Level 27 Invocations
 + Level 25.6(27) Evocations


You had 7 spell levels left.
You knew the following spells:

 Your Spells              Type           Power      Damage    Failure   Level
a - Iron Shot             Conj/Erth      33%        9d7       1%          6
b - Blink                 Tloc           N/A        N/A       0%          2
c - Invisibility          Hex            66%        N/A       1%          6
d - Apportation           Tloc           100%       N/A       0%          1
e - Ozocubu's Refrigerat  Ice            33%        4d11      1%          7
f - Summon Hydra          Summ           32%        N/A       1%          7
g - Ignition              Fire           33%        3d10      1%          8
i - Manifold Assault      Tloc           67%        N/A       0%          5
k - Statue Form           Tmut/Erth      42%        N/A       1%          6
l - Dispersal             Tloc           33%        N/A       0%          6
m - Conjure Ball Lightni  Conj/Air       33%        3x3d11    1%          6
n - Summon Horrible Thin  Summ           32%        N/A       1%          8
o - Irradiate             Conj/Tmut      32%        3d24      0%          5

Your spell library contained the following spells:

 Spells                   Type           Power      Damage    Failure   Level
 Animate Skeleton         Necr           100%       N/A       0%          1
 Beastly Appendage        Tmut           100%       N/A       0%          1
 Corona                   Hex            73%        N/A       0%          1
 Foxfire                  Conj/Fire      100%       2x1d9     0%          1
 Freeze                   Ice            100%       1d11      0%          1
 Magic Dart               Conj           100%       1d8       0%          1
 Pain                     Necr           100%       1d9       0%          1
 Sandblast                Erth           100%       2d20      0%          1
 Shock                    Conj/Air       100%       1d9       0%          1
 Sting                    Tmut/Pois      100%       1d8       0%          1
 Summon Small Mammal      Summ           100%       N/A       0%          1
 Call Imp                 Summ           65%        N/A       0%          2
 Corpse Rot               Necr/Air       N/A        N/A       0%          2
 Ensorcelled Hibernation  Hex/Ice        100%       N/A       0%          2
 Passwall                 Tmut/Erth      53%        N/A       0%          2
 Poisonous Vapours        Pois/Air       100%       N/A       0%          2
 Searing Ray              Conj           100%       3d7       0%          2
 Slow                     Hex            66%        N/A       0%          2
 Static Discharge         Conj/Air       66%        N/A       0%          2
 Sublimation of Blood     Necr           32%        N/A       0%          2
 Wereblood                Tmut           61%        N/A       0%          2
 Call Canine Familiar     Summ           65%        N/A       0%          3
 Confusing Touch          Hex            66%        N/A       0%          3
 Conjure Flame            Conj/Fire      66%        6-21      0%          3
 Dazzling Flash           Conj/Hex       100%       N/A       0%          3
 Frozen Ramparts          Ice            100%       1d12      0%          3
 Gell's Gravitas          Tloc           33%        N/A       0%          3
 Ignite Poison            Fire/Tmut/Pois 63%        N/A       0%          3
 Inner Flame              Hex/Fire       66%        N/A       0%          3
 Lesser Beckoning         Tloc           33%        N/A       0%          3
 Mephitic Cloud           Conj/Pois/Air  65%        N/A       0%          3
 Ozocubu's Armour         Ice            66%        N/A       0%          3
 Portal Projectile        Hex/Tloc       100%       N/A       0%          3
 Spider Form              Tmut/Pois      30%        N/A       0%          3
 Stone Arrow              Conj/Erth      100%       3d13      0%          3
 Summon Guardian Golem    Hex/Summ       66%        N/A       0%          3
 Swiftness                Air            66%        N/A       0%          3
 Teleport Other           Tloc           67%        N/A       0%          3
 Tukima's Dance           Hex            66%        N/A       0%          3
 Vampiric Draining        Necr           32%        2d10      0%          3
 Airstrike                Air            33%        N/A       0%          4
 Animate Armour           Summ/Erth      100%       N/A       0%          4
 Animate Dead             Necr           32%        N/A       0%          4
 Cause Fear               Hex            33%        N/A       0%          4
 Dispel Undead            Necr           65%        3d22      0%          4
 Fulminant Prism          Conj/Hex       33%        3d16      0%          4
 Hailstorm                Conj/Ice       66%        3d14      0%          4
 Ice Form                 Ice/Tmut       64%        N/A       0%          4
 Iskenderun's Mystic Bla  Conj/Tloc      67%        2d14      0%          4
 Leda's Liquefaction      Hex/Erth       33%        N/A       0%          4
 Olgreb's Toxic Radiance  Pois           61%        N/A       0%          4
 Passage of Golubria      Tloc           N/A        N/A       0%          4
 Petrify                  Tmut/Erth      64%        N/A       0%          4
 Sticky Flame             Conj/Fire      66%        2d8       0%          4
 Summon Ice Beast         Ice/Summ       66%        N/A       0%          4
 Summon Lightning Spire   Summ/Air       66%        N/A       0%          4
 Agony                    Necr           65%        N/A       0%          5
 Alistair's Intoxication  Tmut/Pois      40%        N/A       0%          5
 Bolt of Magma            Conj/Fire/Erth 33%        4d15      0%          5
 Borgnjor's Vile Clutch   Necr/Erth      33%        N/A       0%          5
 Excruciating Wounds      Necr           32%        N/A       0%          5
 Fireball                 Conj/Fire      33%        3d14      0%          5
 Hydra Form               Tmut           30%        N/A       0%          5
 Iskenderun's Battlesphe  Conj           66%        2d12      0%          5
 Lee's Rapid Deconstruct  Erth           33%        3d18*     0%          5
 Lightning Bolt           Conj/Air       33%        1d50      0%          5
 Metabolic Englaciation   Hex/Ice        33%        N/A       0%          5
 Silence                  Hex/Air        33%        N/A       0%          5
 Summon Forest            Summ/Tloc      33%        N/A       0%          5
 Summon Mana Viper        Hex/Summ       66%        N/A       0%          5
 Yara's Violent Unravell  Hex/Tmut       32%        3d13      0%          5
 Blade Hands              Tmut           30%        N/A       1%          6
 Death Channel            Necr           32%        N/A       1%          6
 Eringya's Noxious Bog    Tmut/Pois      30%        N/A       1%          6
 Freezing Cloud           Conj/Ice/Air   33%        6-21      1%          6
 Shadow Creatures         Summ           N/A        N/A       1%          6
 Simulacrum               Ice/Necr       33%        N/A       1%          6
 Starburst                Conj/Fire      33%        8x6d10    1%          6
 Dragon Form              Tmut           30%        N/A       1%          7
 Haunt                    Necr/Summ      32%        N/A       1%          7
 Malign Gateway           Summ/Tloc      33%        N/A       1%          7
 Monstrous Menagerie      Summ           32%        N/A       1%          7
 Orb of Destruction       Conj           33%        9d12      1%          7
 Spellforged Servitor     Conj/Summ      33%        N/A       1%          7
 Borgnjor's Revivificati  Necr           32%        N/A       1%          8
 Discord                  Hex            33%        N/A       1%          8
 Disjunction              Tloc           33%        N/A       1%          8
 Infestation              Necr           32%        N/A       1%          8
 Necromutation            Tmut/Necr      31%        N/A       3%          8
 Shatter                  Erth           33%        3d27*     22%         9
 Tornado                  Air            33%        N/A       22%         9
 Death's Door             Necr           32%        N/A       32%         9
 Dragon's Call            Summ           32%        N/A       32%         9


Dungeon Overview and Level Annotations

Branches:
Dungeon (15/15)            Temple (0/1) D:6            Lair (6/6) D:11
 Shoals (4/4) Lair:3        Snake (4/4) Lair:3        Slime (5/5) Lair:6
    Orc (2/2) D:11            Elf (3/3) Orc:2        Vaults (5/5) D:14
  Crypt (3/3) Vaults:3       Tomb (0/3) Crypt:3      Depths (5/5) D:15
   Hell (visited)             Dis (7/7) Hell            Geh (7/7) Hell
    Coc (7/7) Hell            Tar (7/7) Hell            Zot (4/5) Depths:5
Gauntlet (visited)

Altars:
Ashenzari
Cheibriados
Elyvilon
Fedhas
Gozag
Ru
Sif Muna
Trog
Vehumet
Xom
Yredelemnul
Zin
Beogh
Jiyva

Shops:
D:8 ::   D:11 (   Orc:1 !   Orc:2 *([[   Elf:1 *   Elf:2 :[*[   Elf:3 !(?:*
Snake:2 ==?   Snake:3 ***   Snake:4 [   Vaults:2 [   Vaults:4 ?   Zot:4 *
Depths:2 :=:   Depths:5 =

Portals:
Hell: Depths:1 Depths:2 Depths:3 Depths:4 Depths:5
Abyss: Depths:1 Depths:4 Depths:5
Pandemonium: Depths:3
Trove: D:11 (give 3 potions of resistance)

Annotations:
Shoals:1 2 transporters, Ekhledargh's ghost, adept HuWn
Shoals:2 Ilsuiw
Depths:1 8 runed translucent doors
Zot:1 1 runed translucent door, Vyoziuh's ghost, legendary KoDe


Innate Abilities, Weirdness & Mutations

You have very sharp teeth.
Your uncanny sense of smell can sniff out nearby items.
Your experience applies equally to all skills.
You have sharp toenails.
You have a somewhat thin skeletal structure. (Dex +2, Stealth+)
You have an uncontrollable temper.
Armour fits poorly on your strangely shaped body.
Your body often deteriorates upon taking damage.
You are dopey. (Int -2)
You are extremely frail. (-30% HP)
Your magical capacity is extremely low. (-30% MP)
You are strong-willed. (Will+)
You passively map a small area around you.
Your system is resistant to poisons. (rPois)
You occasionally shout uncontrollably at your foes.
You do not regenerate when monsters are visible.
You are occasionally teleported next to monsters.
You are weak. (Str -2)
Your spells are a little easier to cast, but a little less powerful.
You sometimes lose the ability to read scrolls when taking damage.


Message History

You howl at the hellion!
A neqoxec and 2 hellions come into view.
You howl at the neqoxec!
You slice the fire bat!!
You kill the fire bat!
The hellion gestures at you.
The sphere of damnation explodes!
The damnation engulfs you!
The hellephant blinks!
The hellion gestures at you.
The sphere of damnation explodes!
The damnation engulfs you!! The hellion gestures at you.
The sphere of damnation explodes!
The damnation engulfs you!
You feel threatened and lose the ability to read scrolls!
A hellion comes into view. x2
The hellion gestures at you.
The sphere of damnation explodes!
The damnation engulfs you!
Press: ? - help, v - describe, . - travel
Here: a hellion A gate leading to another region of Pandemonium.
You can read scrolls again.
The hellion gestures at you.
The sphere of damnation explodes!
The damnation engulfs you!!
You feel threatened and lose the ability to read scrolls!
The hellion gestures at you.
The sphere of damnation explodes!
The damnation engulfs you! The hellion gestures at you.
The sphere of damnation explodes!
The damnation engulfs you! The hellion gestures at you.
The sphere of damnation explodes!
The damnation engulfs you! The hellion gestures at you.
The sphere of damnation explodes!
The damnation engulfs you!!
* * * LOW HITPOINT WARNING * * *
You cannot read scrolls in your current state!
The hellion gestures at you.
The sphere of damnation explodes!
The damnation engulfs you!
* * * LOW HITPOINT WARNING * * *
A fire bat comes into view.
The hellion gestures at you.
The sphere of damnation explodes!
The damnation engulfs you!!
You die...

#######
#################### **
*** #...................
, , #...................,
,, ,,,
#...................., ,,
#.............∩...... ,,,
,
#....................,,,
#.................... ,,
, #...........@........,
, ,,
#...........b......b., ,
, ,,
#................§§≈≈≈,,,
#..............≈§§≈§≈ , ,
#............§≈≈≈§≈§≈≈ ≈
≈,, #..........§≈≈§§§§22.
≈ ,,
#.........§.§≈≈≈≈≈&Y§ ≈
,, ...........§≈§≈≈2222
,≈≈ ≈ ,
,.........≈§§§§2222) ≈ ≈


You could see Zyarozem, a hellephant, 5 hellions and 2 fire bats.

Vanquished Creatures
  Cerebov (Pan)
  Antaeus (Coc:7)
  Asmodeus (Geh:7)
  Ereshkigal (Tar:7)
  the Royal Jelly (Slime:5)
  Gloorx Vloq (Pan)
  A seraph (Pan)
  Lom Lobon (Pan)
  Mnoleg (Pan)
  Dispater (Dis:7)
  3 dread liches
  2 ancient liches
  An orb of fire (Zot:4)
  Mara (Depths:3)
  2 juggernauts
  The ghost of Xucumn the Warrior, a veteran GrFi of the Shining One (Crypt:1)
  Frederick (Depths:4)
  11 shard shrikes
  Saint Roka (Orc:2)
  A Killer Klown (Zot:4)
  5 curse toes
  The ghost of Qeoru the Executioner, a veteran GrFi of Elyvilon (Vaults:3)
  7 caustic shrikes
  Geryon (Hell)
  7 golden dragons
  4 profane servitors
  2 pearl dragons (Pan)
  6 pandemonium lords (Pan)
  21 bone dragons
  35 Tzitzimimeh
  3 hellephants (Abyss:5)
  9 iron giants
  An electric golem (Zot:2)
  10 doom hounds
  31 Brimstone Fiends
  11 Hell Sentinels
  22 Ice Fiends
  Rupert (Lair:5)
  7 liches
  6 quicksilver dragons
  19 tentacled monstrosities
  A deep elf master archer (Elf:3)
  9 titans
  2 deep elf blademasters (Elf:3)
  23 acid blobs
  10 sphinxes
  2 death cobs
  14 ancient champions
  31 tentacled starspawn
  5 tengu reavers
  28 Executioners
  Agnes (D:13)
  16 storm dragons
  12 draconian monks
  Donald (Vaults:3)
  15 rockslimes
  An eldritch tentacle (Pan)
  19 shadow dragons
  Roxanne (D:15)
  17 daevas
  13 frost giants
  5 revenants
  10 azure jellies
  5 nagarajas
  6 deep elf sorcerers
  5 draconian knights
  8 blood saints (Pan)
  30 cacodemons
  16 vault wardens
  2 orc warlords
  3 draconian scorchers
  4 corrupters (Pan)
  35 balrugs
  14 fire giants
  12 iron dragons
  7 deep elf elementalists
  6 warmongers (Pan)
  A caustic shrike zombie (Depths:3)
  A draconian shifter (Zot:2)
  3 draconian stormcallers
  Louise (Elf:2)
  6 ghost moths
  4 curse skulls
  A spriggan defender (Depths:4)
  32 angels
  10 ghouls
  5 draconian annihilators
  4 elemental wellsprings
  19 ironbound preservers
  20 ophanim
  14 stone giants
  6 quicksilver oozes (Slime:5)
  17 war gargoyles
  38 very ugly things
  A quicksilver ooze (shapeshifter) (Vaults:5)
  A caustic shrike skeleton (Zig:8)
  8 vampire knights
  9 black suns (Pan)
  69 reapers
  A bennu (Zig:8)
  8 green draconians
  13 deep elf annihilators
  23 apis (Pan)
  Azrael (D:14)
  10 deep elf demonologists
  21 lorocyprocas
  9 purple draconians
  3 dire elephants
  2 entropy weavers
  8 yellow draconians
  4 spark wasps
  A minotaur (shapeshifter) (Vaults:5)
  9 red draconians
  10 white draconians
  11 black draconians
  9 deep elf death magi
  Snorg (Lair:5)
  2 merfolk javelineers (Shoals:4)
  15 ettins
  A fire dragon (shapeshifter) (Vaults:5)
  7 eidola
  A mummy priest (Hell)
  5 jiangshi
  8 merfolk impalers
  23 blizzard demons
  4 deep elf high priests
  Josephine (D:14)
  5 quicksilver dragon zombies
  15 fire dragons
  2 nameless horrors (Crypt:1)
  2 kraken zombies
  17 yaktaur captains
  24 green deaths
  28 great orbs of eyes
  34 vault guards
  5 quicksilver dragon skeletons
  10 ironbound thunderhulks
  4 hell beasts
  Erolcha (Orc:1)
  6 hydras
  20 rakshasas
  32 ice dragons
  15 naga warriors
  6 monstrous demonspawn (Pan)
  7 boulder beetles
  A ghost crab (Tar:4)
  13 anacondas
  9 centaur warriors
  4 death knights
  2 spriggan air magi
  An ogre mage (Vaults:5)
  4 merfolk aquamancers
  10 two-headed ogres
  11 ironbound frosthearts
  2 catoblepae
  2 death scarabs (Zig:8)
  31 dancing weapons
  The ghost of Sickboy the Thaumaturge, a journeyman DjIE of Makhleb (D:9)
  7 tengu warriors
  4 satyrs
  The ghost of Eronk the Geomancer, a journeyman GrEE of Vehumet (D:13)
  The ghost of Fama the Fighter, a novice DsMo of Gozag (D:10)
  An alligator (shapeshifter) (Vaults:5)
  10 deep troll earth magi
  37 hell hogs
  13 deep troll shamans
  12 naga sharpshooters
  Urug (D:10)
  3 death yaks (Depths:2)
  5 spriggan berserkers
  10 titan zombies
  8 ironbound beastmasters
  25 thrashing horrors
  10 shock serpents
  43 hell knights
  11 vampire magi
  2 orc high priests (Orc:2)
  81 sun demons
  2 storm dragon zombies
  31 deep elf knights
  32 wretched stars
  9 titan skeletons
  An iron golem (Dis:2)
  77 soul eaters
  7 iron trolls
  34 shadow wraiths
  4 spatial maelstroms (Abyss:4)
  A salamander mystic (Depths:1)
  36 sixfirhies
  A spark wasp zombie (Depths:3)
  2 golden dragon zombies
  4 death drakes
  9 infernal demonspawn (Pan)
  9 anaconda zombies
  5 ghost moth zombies
  153 skeletal warriors
  20 cherubim
  2 tengu zombies
  29 wizards
  64 deep trolls
  2 quicksilver dragon simulacra
  5 torturous demonspawn (Pan)
  7 gelid demonspawn (Pan)
  6 storm dragon skeletons
  23 flayed ghosts
  23 sea snakes
  12 naga ritualists
  8 lindwurms
  8 glowing orange brains
  36 shadow demons
  4 bog bodies
  7 shadow dragon zombies
  19 deep elf archers
  A glowing orange brain (shapeshifter) (Zig:6)
  A lindwurm (shapeshifter) (Elf:2)
  40 phantasmal warriors
  6 golden dragon skeletons
  6 anaconda skeletons
  21 necromancers
  32 deep elf pyromancers
  31 deep elf zephyrmancers
  6 iron dragon zombies
  3 shadow dragon skeletons
  A wolf spider (Zig:5)
  7 harpies
  7 frost giant zombies
  22 mana vipers
  9 salamanders
  2 orb spiders (Zig:5)
  23 ironbound convokers
  A sphinx zombie (Hell)
  A shining eye (shapeshifter) (Vaults:5)
  11 wolf spider zombies
  An orb spider (shapeshifter) (Abyss:1)
  58 ugly things
  11 orc sorcerers
  A tengu skeleton (Depths:3)
  9 orc knights
  A sphinx skeleton (Depths:3)
  5 human zombies
  12 stone giant skeletons
  3 oklob plants
  10 shining eyes
  3 iron dragon skeletons
  21 moths of wrath
  7 cyclopes
  175 slime creatures
  10 fauns
  11 fire giant zombies
  9 worldbinders
  12 fire giant skeletons
  7 stone giant zombies
  14 manticores
  63 rust devils
  5 centaur zombies
  17 elephants
  13 frost giant skeletons
  20 molten gargoyles
  11 merfolk sirens
  A shock serpent zombie (Coc:1)
  49 black mambas
  Joseph (D:10)
  9 dire elephant zombies
  12 guardian serpents
  An ice statue (Hell)
  21 naga magi
  Maurice (D:10)
  77 smoke demons
  4 titan simulacra
  A torpor snail (Lair:6)
  5 gargoyles
  7 apocalypse crabs
  18 vault sentinels
  3 water nymphs
  23 orange demons
  7 cane toads
  A shock serpent skeleton (Crypt:1)
  33 hellions
  5 eyes of devastation
  A storm dragon simulacrum (Coc:7)
  A green draconian zombie (Crypt:2)
  7 rime drakes
  7 unseen horrors
  14 komodo dragons
  35 demonic crawlers
  2 minotaur zombies
  52 tormentors
  2 emperor scorpion zombies
  A catoblepas zombie (Abyss:4)
  6 dire elephant skeletons
  3 elf zombies
  17 efreet
  2 anaconda simulacra
  46 yaktaurs
  A yellow draconian zombie (Dis:7)
  6 tengu conjurers
  42 freezing wraiths
  30 ancient zymes
  A ghost moth simulacrum (Crypt:1)
  21 hellwings
  4 catoblepas skeletons
  A sea snake skeleton (Hell)
  2 white draconian skeletons
  60 red devils
  17 hydra zombies
  4 harpy zombies
  55 ice devils
  A death drake zombie (Crypt:1)
  A guardian mummy (Zig:8)
  2 polar bears
  38 merfolk
  2 polar bears (shapeshifter) (Depths:4)
  A hornet (shapeshifter) (Elf:3)
  4 silent spectres
  A meliai (shapeshifter) (Elf:2)
  3 trolls
  7 wind drakes
  11 hydra skeletons
  14 snapping turtles
  85 raiju
  7 alligator zombies
  Prince Ribbit (D:5)
  6 blink frogs
  13 dream sheep
  A guardian serpent zombie (Crypt:1)
  14 ettin zombies
  6 harpy skeletons
  A tengu simulacrum (Vaults:4)
  A deep troll zombie (Hell)
  2 spriggan zombies (Hell)
  5 fire dragon zombies
  111 large abominations
  6 ice dragon zombies
  2 meliai zombies
  158 flying skulls
  10 ice dragon skeletons
  5 black mamba zombies
  A stone giant simulacrum (Coc:7)
  5 alligator skeletons
  10 ettin skeletons
  5 fire dragon skeletons
  5 redbacks
  33 water elementals
  12 air elementals
  A shock serpent simulacrum (Coc:1)
  33 shadows
  67 starcursed masses
  A tarantella (Zig:5)
  52 wraiths
  An ushabti (Zig:8)
  7 vampires
  40 yaks
  7 wyverns
  59 ynoxinuls
  3 centaur simulacra (D:15)
  5 basilisks
  4 fire bats
  4 hogs (D:7)
  A yak (shapeshifter) (Depths:3)
  23 fire elementals
  14 golden eyes
  33 small abominations
  A human (D:7)
  31 neqoxecs
  A black mamba skeleton (Pan)
  An emperor scorpion simulacrum (Coc:1)
  3 steam dragons
  A redback simulacrum (D:14)
  14 vampire mosquitoes
  40 chaos spawn
  57 nagas
  A harpy simulacrum (Coc:7)
  10 wargs
  10 spatial vortices
  11 cane toad zombies
  An infernal demonspawn zombie (Crypt:1)
  102 hell hounds
  13 water moccasins
  An acid dragon (shapeshifter) (Gauntlet)
  An acid dragon (D:8)
  A merfolk skeleton (Geh:7)
  An infernal demonspawn skeleton (Geh:1)
  A hydra simulacrum (Hell)
  A floating eye (Slime:5)
  A deep troll skeleton (Crypt:1)
  40 orc warriors
  9 ice beasts
  2 sky beasts
  2 black bears (shapeshifter)
  A blink frog zombie (Crypt:2)
  5 snapping turtle zombies
  5 cane toad skeletons
  A swamp drake (D:8)
  A black bear (Lair:5)
  2 snapping turtle skeletons
  40 necrophages
  3 swamp dragon zombies
  8 wolves
  2 manticore zombies
  4 boggarts (Lair:5)
  A dream sheep skeleton (Crypt:2)
  22 ogres
  A swamp dragon skeleton (Tar:7)
  15 centaurs
  3 manticore skeletons
  A kobold brigand (D:8)
  7 phantoms
  4 gnoll sergeants
  8 bullfrogs
  5 earth elementals
  3 scorpions
  2 cane toad simulacra
  3 elf skeletons
  A wyvern skeleton (Crypt:1)
  A snapping turtle simulacrum (Coc:7)
  12 killer bees
  A troll zombie (Coc:1)
  A howler monkey (D:5)
  A spriggan skeleton (Pan)
  5 electric eels
  A troll skeleton (Crypt:1)
  116 wights
  2 crimson imps
  A bullfrog zombie (D:6)
  3 hounds
  2 jellies
  4 quasits
  22 iron imps
  A gnoll shaman (D:8)
  23 orc priests
  6 centaur skeletons
  2 bullfrog skeletons (D:6)
  3 iguanas
  Natasha (thrice) (D:3)
  A basilisk skeleton (Crypt:2)
  A human skeleton (Tar:7)
  23 orc wizards
  8 hell rats
  A demigod zombie (Crypt:2)
  An ogre zombie (Geh:7)
  A human simulacrum (Abyss:4)
  A hound skeleton (D:5)
  8 mummies
  A howler monkey zombie (D:8)
  26 gnolls
  A steam dragon zombie (Crypt:1)
  3 adders
  24 shadow imps
  21 white imps
  9 ufetubi
  An adder zombie (Crypt:2)
  An adder skeleton (D:4)
  An iguana skeleton (Crypt:2)
  6 worms
  2 dart slugs
  105 orcs
  6 endoplasms
  3 giant cockroaches
  4 goblins
  12 hobgoblins
  19 jackals
  2 quokkas
  3 ball pythons
  3 bats (D:2)
  A frilled lizard (D:1)
  9 kobolds
  An orc skeleton (Coc:7)
  An orc zombie (Crypt:1)
  3 rats
  A rat skeleton (Crypt:1)
  A ball lightning (Pan)
  26 fire vortices (Pan)
  4 lurking horrors
  16 starspawn tentacles
  4 tentacles
5898 creatures vanquished.

Vanquished Creatures (collateral kills)
  A pandemonium lord (Pan)
  A tentacled monstrosity (Depths:4)
  A deep elf master archer (Elf:3)
  A tengu reaver (Depths:3)
  2 nagarajas (Snake:4)
  A frost giant (Shoals:4)
  A very ugly thing (Depths:3)
  An ironbound preserver (Vaults:5)
  A deep elf demonologist (Elf:1)
  A bennu (Zig:8)
  A black sun (Pan)
  A minotaur (Gauntlet)
  A naga warrior (Snake:4)
  A two-headed ogre (D:13)
  A naga sharpshooter (Snake:4)
  A deep elf knight (Elf:1)
  2 sea snakes (Snake:4)
  2 deep trolls (Vaults:1)
  A deep elf pyromancer (Orc:2)
  2 naga ritualists
  A necromancer (Depths:3)
  A shadow dragon skeleton (Depths:3)
  A salamander (Snake:1)
  2 guardian serpents
  A black mamba (Snake:3)
  A vault sentinel (Vaults:5)
  A guardian mummy (Zig:8)
  2 merfolk (Shoals:2)
  A tengu simulacrum (Depths:3)
  6 slime creatures
  4 nagas
  A gnoll sergeant (D:9)
  An orc priest (Orc:1)
  2 orc wizards
  2 gnolls (D:9)
  An orc (Orc:2)
52 creatures vanquished.

Vanquished Creatures (others)
  An eldritch tentacle (Pan)
  A ghost moth (Pan)
  A draconian stormcaller (Zot:3)
  An elemental wellspring (Coc:1)
  A fire dragon (Depths:3)
  4 hell hogs
  3 deep elf knights
  A shadow demon (Tar:4)
  A glowing orange brain (Abyss:5)
  3 wizards
  A tengu conjurer (Depths:4)
  An ettin skeleton (Geh:1)
  A ynoxinul (Pan)
  An air elemental (Elf:2)
  2 shadows
  2 water elementals
  A yak (D:12)
  A hog (shapeshifter) (Abyss:5)
  4 golden eyes (Abyss:5)
  3 large abominations
  A neqoxec (Pan)
  A small abomination (Abyss:5)
  A wight (Geh:5)
  A starcursed mass (Abyss:2)
  3 iron imps
  An orc wizard (D:9)
  A hell rat (Hell)
  A gnoll (D:8)
  3 orcs
  A kobold skeleton (Geh:4)
  97 ball lightnings
  A fire vortex (Pan)
  42 fungi
  3 lurking horrors
  160 plants
  75 starspawn tentacles
  6 tentacles
  10 withered plants (Crypt:3)
442 creatures vanquished.

Grand Total: 6392 creatures vanquished

Notes
Turn   | Place    | Note
-------+----------+-------------------------------------------
     0 | D:1      | kuzmorgo the Gnoll Warper began the quest for the Orb.
     0 | D:1      | Reached XP level 1. HP: 20/20 MP: 6/6
   125 | D:1      | Reached XP level 2. HP: 20/26 MP: 7/7
   813 | D:1      | Reached XP level 3. HP: 28/31 MP: 9/9
  1069 | D:1      | Learned a level 2 spell: Blink
  1073 | D:1      | Learned a level 3 spell: Gell's Gravitas
  1090 | D:2      | Found a basalt altar of Yredelemnul.
  1109 | D:2      | Reached skill level 5 in Spellcasting
  1470 | D:2      | Reached skill level 1 in Invocations
  1698 | D:2      | Reached skill level 1 in Short Blades
  1698 | D:2      | Reached skill level 1 in Long Blades
  1698 | D:2      | Reached skill level 1 in Axes
  1698 | D:2      | Reached skill level 1 in Maces & Flails
  1698 | D:2      | Reached skill level 1 in Staves
  1698 | D:2      | Reached skill level 1 in Slings
  1698 | D:2      | Reached skill level 1 in Bows
  1698 | D:2      | Reached skill level 1 in Crossbows
  1698 | D:2      | Reached skill level 1 in Stealth
  1698 | D:2      | Reached skill level 1 in Shields
  1698 | D:2      | Reached skill level 1 in Unarmed Combat
  1698 | D:2      | Reached skill level 1 in Evocations
  2115 | D:2      | Reached XP level 4. HP: 30/38 MP: 11/11
  2260 | D:2      | Gained mutation: You are robust. (+10% HP) [potion of
                  | mutation]
  2260 | D:2      | Gained mutation: You passively map a small area around you.
                  | [potion of mutation]
  2260 | D:2      | Gained mutation: You are partially covered in iridescent
                  | scales. (AC +2) [potion of mutation]
  2833 | D:3      | Noticed Natasha
  2845 | D:3      | Killed Natasha
  2846 | D:3      | Reached skill level 1 in Conjurations
  2846 | D:3      | Reached skill level 1 in Hexes
  2846 | D:3      | Reached skill level 1 in Summonings
  2846 | D:3      | Reached skill level 1 in Necromancy
  2846 | D:3      | Reached skill level 1 in Transmutations
  2846 | D:3      | Reached skill level 1 in Fire Magic
  2846 | D:3      | Reached skill level 1 in Ice Magic
  2846 | D:3      | Reached skill level 1 in Air Magic
  2846 | D:3      | Reached skill level 1 in Earth Magic
  2846 | D:3      | Reached skill level 1 in Poison Magic
  2874 | D:3      | Reached XP level 5. HP: 45/47 MP: 12/12
  2922 | D:3      | Noticed Natasha
  2941 | D:3      | Killed Natasha
  3253 | D:3      | Found a faded altar of an unknown god.
  3338 | D:3      | Noticed Natasha
  3356 | D:3      | Killed Natasha
  3399 | D:3      | Found a sacrificial altar of Ru.
  3572 | D:3      | Found a glowing silver altar of Zin.
  3574 | D:3      | Found an opulent altar of Gozag.
  3762 | D:4      | Noticed a phantom
  3852 | D:4      | Found a radiant altar of Vehumet.
  3863 | D:4      | Found a broken altar of Ashenzari.
  3880 | D:4      | Became a worshipper of Ashenzari the Shackled
  4026 | D:4      | Identified the +4 spear "Dragon's Tongue" {vorpal, *Rage
                  | rPois rF++ Int+3}
  4044 | D:4      | Reached XP level 6. HP: 45/55 MP: 13/13
  4160 | D:4      | Reached skill level 5 in Fighting
  4160 | D:4      | Reached skill level 5 in Polearms
  4160 | D:4      | Reached skill level 5 in Dodging
  4175 | D:4      | Reached XP level 7. HP: 61/61 MP: 15/15
  4460 | D:5      | Entered Level 5 of the Dungeon
  4618 | D:5      | Reached XP level 8. HP: 56/69 MP: 16/16
  4641 | D:5      | Noticed Prince Ribbit
  4647 | D:5      | Learned a level 2 spell: Call Imp
  5045 | D:5      | Killed Prince Ribbit
  5302 | D:5      | Reached * piety under Ashenzari
  5333 | D:6      | Found a staircase to the Ecumenical Temple.
  5679 | D:6      | Reached XP level 9. HP: 75/75 MP: 18/18
  6756 | D:6      | Reached ** piety under Ashenzari
  7060 | D:7      | Reached skill level 5 in Throwing
  7060 | D:7      | Reached skill level 5 in Armour
  7671 | D:7      | Reached skill level 5 in Invocations
  7702 | D:7      | Reached XP level 10. HP: 88/88 MP: 22/22
  7759 | D:8      | Found Uhyerphy's Book Emporium.
  7867 | D:8      | Learned a level 4 spell: Summon Lightning Spire
  7877 | D:8      | Noticed Maggie
  7885 | D:8      | Noticed Maggie
  7885 | D:8      | Maggie changed into Maggie the swamp drake
  7892 | D:8      | Killed Maggie the swamp drake
  8008 | D:8      | Found Fejowo's Book Boutique.
  8058 | D:8      | Found a white marble altar of Elyvilon.
  8085 | D:8      | Reached skill level 5 in Short Blades
  8085 | D:8      | Reached skill level 5 in Long Blades
  8085 | D:8      | Reached skill level 5 in Axes
  8085 | D:8      | Reached skill level 5 in Maces & Flails
  8085 | D:8      | Reached skill level 5 in Staves
  8085 | D:8      | Reached skill level 5 in Slings
  8085 | D:8      | Reached skill level 5 in Bows
  8085 | D:8      | Reached skill level 5 in Crossbows
  8085 | D:8      | Reached skill level 5 in Stealth
  8085 | D:8      | Reached skill level 5 in Shields
  8085 | D:8      | Reached skill level 5 in Unarmed Combat
  8085 | D:8      | Reached skill level 5 in Evocations
  8293 | D:8      | Identified the Incunabulum of the Fiery Birds
  8303 | D:8      | Learned a level 4 spell: Airstrike
  8336 | D:8      | Found a basalt altar of Yredelemnul.
  8617 | D:8      | Learned a level 3 spell: Conjure Flame
  9180 | D:9      | Found a runed translucent gate.
  9180 | D:9      | Found a runed translucent gate.
  9180 | D:9      | Found a runed translucent gate.
  9182 | D:9      | Noticed Sickboy's ghost (journeyman DjIE)
  9356 | D:9      | Found a snail-covered altar of Cheibriados.
  9356 | D:9      | Found a bloodstained altar of Trog.
  9681 | D:9      | Reached *** piety under Ashenzari
  9853 | D:10     | Entered Level 10 of the Dungeon
  9857 | D:10     | Noticed Joseph
  9871 | D:10     | Killed Joseph
  9880 | D:10     | Noticed Urug
  9901 | D:10     | Killed Urug
  9905 | D:10     | Reached XP level 11. HP: 41/97 MP: 8/24
 10315 | D:10     | Reached skill level 5 in Conjurations
 10315 | D:10     | Reached skill level 5 in Hexes
 10315 | D:10     | Reached skill level 5 in Summonings
 10315 | D:10     | Reached skill level 5 in Necromancy
 10315 | D:10     | Reached skill level 5 in Transmutations
 10315 | D:10     | Reached skill level 5 in Fire Magic
 10315 | D:10     | Reached skill level 5 in Ice Magic
 10315 | D:10     | Reached skill level 5 in Air Magic
 10315 | D:10     | Reached skill level 5 in Earth Magic
 10315 | D:10     | Reached skill level 5 in Poison Magic
 10767 | D:10     | Noticed Maurice
 10785 | D:10     | Killed Maurice
 10911 | D:10     | Found a runed translucent gate.
 10912 | D:10     | Found a runed translucent gate.
 10913 | D:10     | Found a runed translucent gate.
 10914 | D:10     | Noticed Fama's ghost (novice DsMo)
 11281 | D:11     | Found a staircase to the Lair.
 11496 | D:11     | Noticed a skeletal warrior
 11499 | D:11     | Noticed a skeletal warrior
 11502 | D:11     | Noticed a skeletal warrior
 11510 | D:11     | Noticed a skeletal warrior
 11701 | D:10     | Killed a skeletal warrior
 11987 | D:11     | Found Gefos's Weapon Shoppe.
 11989 | D:11     | Found a staircase to the Orcish Mines.
 12088 | D:11     | Noticed a two-headed ogre
 12223 | D:11     | Killed a two-headed ogre
 12423 | D:11     | Found a portal to a secret trove of treasure.
 12841 | D:11     | Killed a skeletal warrior
 13023 | D:11     | Killed a skeletal warrior
 13143 | D:11     | Killed a skeletal warrior
 13144 | D:11     | Reached XP level 12. HP: 78/106 MP: 10/26
 13375 | Lair:1   | Entered Level 1 of the Lair of Beasts
 13616 | Lair:1   | Reached **** piety under Ashenzari
 15648 | Lair:3   | Found a gate leading to a gauntlet.
 15657 | Gauntlet | Entered a Gauntlet
 15657 | Gauntlet | Found a transporter.
 15657 | Gauntlet | Found a runed translucent door.
 15657 | Gauntlet | Found a transporter.
 15665 | Gauntlet | Found a runed translucent door.
 15677 | Gauntlet | Found a transporter.
 15678 | Gauntlet | Found a transporter.
 15680 | Gauntlet | Found a transporter.
 15704 | Gauntlet | Learned a level 4 spell: Summon Ice Beast
 15709 | Gauntlet | Learned a level 4 spell: Sticky Flame
 15710 | Gauntlet | Found a transporter.
 15712 | Gauntlet | Found a transporter.
 15756 | Gauntlet | Found a transporter.
 15756 | Gauntlet | Found a transporter.
 15756 | Gauntlet | Noticed a blizzard demon
 15758 | Gauntlet | Found a transporter.
 15759 | Gauntlet | Identified the ring "Vaho Rugh" {Contam rF+ rN+ rCorr Str+6
                  | Int+4}
 15907 | Gauntlet | Found a runed translucent door.
 15908 | Gauntlet | Found a transporter.
 15909 | Gauntlet | Found a runed translucent door.
 15910 | Gauntlet | Identified the amulet "Kunt" {rElec rC++ Regen+ Dex-5}
 15954 | Gauntlet | Found a transporter.
 16005 | Gauntlet | Found a transporter.
 16012 | Gauntlet | Noticed a minotaur
 16013 | Gauntlet | Identified the Disquisition on Transformation
 16013 | Gauntlet | Identified the Collected Works on Malediction
 16013 | Gauntlet | Identified the +1 robe "Aduj" {Str+6 Slay-6}
 16029 | Gauntlet | Killed a minotaur
 16240 | Lair:3   | Found a staircase to the Snake Pit.
 16551 | Lair:3   | Found a staircase to the Shoals.
 16773 | Lair:4   | Noticed a six-headed hydra
 16815 | Lair:4   | Killed a six-headed hydra
 16816 | Lair:4   | Reached XP level 13. HP: 111/111 MP: 12/26
 17026 | Lair:4   | Identified the +1 ring mail "Dujikh" {rF++ Stlth-}
 17182 | Lair:4   | Found a blossoming altar of Fedhas.
 17720 | Lair:5   | Noticed Rupert
 17739 | Lair:5   | Noticed Snorg
 17755 | Lair:5   | Killed Snorg
 17941 | Lair:5   | Identified the +0 lajatang "Quys" {vorpal, Int+3}
 18202 | Lair:5   | Identified a scroll of acquirement
 18324 | Lair:5   | Paralysed by Rupert for 2 turns
 18358 | Lair:5   | Killed Rupert
 18688 | Lair:5   | Acquired 1083 gold pieces
 18707 | Lair:6   | Entered Level 6 of the Lair of Beasts
 18757 | Lair:6   | Found a staircase to the Slime Pits.
 18757 | Lair:6   | Found a viscous altar of Jiyva.
 18898 | Lair:6   | Reached skill level 10 in Spellcasting
 19078 | Lair:6   | Reached XP level 14. HP: 58/119 MP: 25/28
 19255 | Lair:6   | Reached skill level 10 in Fighting
 19255 | Lair:6   | Reached skill level 10 in Polearms
 19255 | Lair:6   | Reached skill level 10 in Dodging
 19753 | Lair:6   | Reached skill level 10 in Invocations
 20303 | Orc:1    | Entered Level 1 of the Orcish Mines
 20334 | Orc:1    | Found Ledeoprosu's Distillery.
 20390 | Orc:1    | Bought a potion of curing for 36 gold pieces
 20390 | Orc:1    | Bought a potion of heal wounds for 60 gold pieces
 20390 | Orc:1    | Bought a potion of mutation for 96 gold pieces
 20390 | Orc:1    | Bought a potion of heal wounds for 60 gold pieces
 20390 | Orc:1    | Bought a potion of curing for 36 gold pieces
 20583 | Orc:1    | Bought a potion of flight for 36 gold pieces
 20583 | Orc:1    | Bought a potion of flight for 36 gold pieces
 20583 | Orc:1    | Bought a potion of flight for 36 gold pieces
 20683 | Orc:1    | Noticed Erolcha
 20710 | Orc:1    | Killed Erolcha
 21117 | Orc:1    | Reached skill level 10 in Throwing
 21117 | Orc:1    | Reached skill level 10 in Armour
 21152 | Orc:1    | Upgraded the game from 0.27-a0-1180-g7fc4abc71e to
                  | 0.27-a0-1182-gee19b5822f
 21340 | Orc:2    | Entered Level 2 of the Orcish Mines
 21427 | Orc:2    | Reached XP level 15. HP: 132/132 MP: 31/31
 21877 | Orc:2    | Found a staircase to the Elven Halls.
 21984 | Orc:2    | Found Learph's Antique Armour Shoppe.
 22209 | Orc:2    | Noticed Saint Roka
 22516 | Orc:1    | Learned a level 5 spell: Manifold Assault
 22521 | Orc:1    | Learned a level 4 spell: Petrify
 22705 | Orc:2    | Killed Saint Roka
 22706 | Orc:2    | Reached skill level 10 in Translocations
 22928 | Orc:2    | Found Enyuredu's General Store.
 22942 | Orc:2    | Bought a scroll of blinking for 105 gold pieces
 22942 | Orc:2    | Bought a wand of polymorph (5) for 98 gold pieces
 23034 | Orc:2    | Gained mutation: You are dopey. (Int -2) [a neqoxec]
 23037 | Orc:2    | Reached skill level 10 in Short Blades
 23037 | Orc:2    | Reached skill level 10 in Long Blades
 23037 | Orc:2    | Reached skill level 10 in Axes
 23037 | Orc:2    | Reached skill level 10 in Maces & Flails
 23037 | Orc:2    | Reached skill level 10 in Staves
 23037 | Orc:2    | Reached skill level 10 in Slings
 23037 | Orc:2    | Reached skill level 10 in Bows
 23037 | Orc:2    | Reached skill level 10 in Crossbows
 23037 | Orc:2    | Reached skill level 10 in Stealth
 23037 | Orc:2    | Reached skill level 10 in Shields
 23037 | Orc:2    | Reached skill level 10 in Unarmed Combat
 23037 | Orc:2    | Reached skill level 10 in Evocations
 23053 | Orc:2    | Paralysed by an orc sorcerer for 5 turns
 23058 | Orc:2    | Noticed an orc warlord
 23227 | Orc:2    | Killed an orc warlord
 23355 | Orc:2    | Found Cacaytz's Antique Armour Shoppe.
 23379 | Orc:2    | Found Zuze's Antique Weapon Emporium.
 23414 | Orc:2    | Bought a creamy pearl robe for 176 gold pieces
 23414 | Orc:2    | Identified the +1 robe "Inwuqore" {+Blink SInv Stlth+} (You
                  | bought it in a shop on level 2 of the Orcish Mines)
 24604 | D:9      | Killed Sickboy's ghost
 24740 | D:10     | Killed Fama's ghost
 25252 | D:13     | Found a transporter.
 25270 | D:13     | Noticed Eronk's ghost (journeyman GrEE)
 25271 | D:13     | Identified the ring of the Lusting Genius {+Blink rF+ Int+6
                  | Dex+3}
 25365 | D:13     | Found a transporter.
 25778 | D:13     | Gained mutation: Your magical capacity is low. (-10% MP) [a
                  | neqoxec]
 25805 | D:13     | Identified the cursed +2 cloak of Ashenzari's Prison {Bglg,
                  | Fort} (You found it on level 5 of the Dungeon)
 25805 | D:13     | Identified the cursed quicksilver dragon scales of
                  | Ashenzari's Repose {Will+, Comp, Evo} (You took it off a
                  | minotaur in a Gauntlet)
 25819 | D:13     | Killed Eronk's ghost
 25923 | D:14     | Noticed Agnes
 25944 | D:13     | Killed Agnes
 25945 | D:13     | Reached XP level 16. HP: 141/141 MP: 21/29
 26305 | D:14     | Found a gate to the Vaults.
 26515 | D:14     | Noticed Azrael
 26566 | D:14     | Killed Azrael
 26771 | D:14     | Noticed Josephine
 26785 | D:14     | Killed Josephine
 27025 | D:15     | Entered Level 15 of the Dungeon
 27213 | D:15     | Noticed Roxanne
 27553 | D:15     | Found a staircase to the Depths.
 27775 | D:15     | Killed Roxanne
 27786 | D:15     | Learned a level 6 spell: Statue Form
 27989 | Shoals:1 | Entered Level 1 of the Shoals
 28155 | Shoals:1 | Identified the +0 chain mail of the Beggar {Int+4}
 28176 | Shoals:1 | Found a transporter.
 28176 | Shoals:1 | Found a transporter.
 28190 | Shoals:1 | Noticed Ekhledargh's ghost (adept HuWn)
 28192 | Shoals:1 | Found a bloodstained altar of Trog.
 28229 | Shoals:1 | Identified the amulet of Varovutt {rF- Regen+ rCorr Str+4
                  | Stlth+}
 29482 | Shoals:2 | Noticed Ilsuiw
 29524 | Shoals:2 | Reached XP level 17. HP: 150/150 MP: 6/30
 31335 | Shoals:4 | Entered Level 4 of the Shoals
 31919 | Shoals:4 | Identified the +3 leather armour "Godocucs" {-Tele rCorr
                  | Str+2 Stlth+}
 32214 | Shoals:4 | Reached skill level 10 in Conjurations
 32214 | Shoals:4 | Reached skill level 10 in Hexes
 32214 | Shoals:4 | Reached skill level 10 in Summonings
 32214 | Shoals:4 | Reached skill level 10 in Necromancy
 32214 | Shoals:4 | Reached skill level 10 in Transmutations
 32214 | Shoals:4 | Reached skill level 10 in Fire Magic
 32214 | Shoals:4 | Reached skill level 10 in Ice Magic
 32214 | Shoals:4 | Reached skill level 10 in Air Magic
 32214 | Shoals:4 | Reached skill level 10 in Earth Magic
 32214 | Shoals:4 | Reached skill level 10 in Poison Magic
 32382 | Shoals:4 | Got a barnacled rune of Zot
 32473 | Shoals:4 | Identified the ring of Mang {Will++ Str+6 Dex+4}
 32854 | Shoals:4 | Identified the ring of Voril {Wiz Will+}
 33052 | Snake:1  | Entered Level 1 of the Snake Pit
 33189 | Lair:3   | Reached XP level 18. HP: 126/160 MP: 26/32
 34463 | Snake:2  | Found Kaodaec's Magic Scroll Boutique.
 34465 | Snake:2  | Found Rycs's Jewellery Shop.
 34471 | Snake:2  | Found Ticibeep's Jewellery Boutique.
 34475 | Snake:2  | Bought a scroll of teleportation for 39 gold pieces
 34475 | Snake:2  | Bought a scroll of teleportation for 39 gold pieces
 34475 | Snake:2  | Bought a scroll of teleportation for 39 gold pieces
 36491 | Snake:3  | Found Falaps's Assorted Antiques.
 36548 | Snake:3  | Bought a scroll of enchant weapon for 210 gold pieces
 36581 | Snake:3  | Found Zes Myli's General Store.
 36600 | Snake:3  | Found Lita's General Store.
 36608 | Snake:3  | Bought a scroll of acquirement for 780 gold pieces
 36608 | Snake:3  | Bought a potion of haste for 150 gold pieces
 36608 | Snake:3  | Bought a scroll of acquirement for 780 gold pieces
 36608 | Snake:3  | Acquired 810 gold pieces
 36609 | Snake:3  | Acquired 670 gold pieces
 37308 | Snake:4  | Entered Level 4 of the Snake Pit
 37348 | Snake:4  | Upgraded the game from 0.27-a0-1182-gee19b5822f to
                  | 0.27-a0-1185-ga233589e6f
 37558 | Snake:4  | Found Intudoaba's Armour Shop.
 37576 | Snake:4  | Reached XP level 19. HP: 169/169 MP: 34/34
 37860 | Snake:4  | Identified the cursed +2 pair of gloves of the Cursed
                  | Trepidation {Stlth+, Comp, Elem} (You found it on level 13
                  | of the Dungeon)
 39172 | Snake:4  | Got a serpentine rune of Zot
 39457 | Elf:1    | Entered Level 1 of the Elven Halls
 40289 | Elf:1    | Found Gomuyth's Assorted Antiques.
 40388 | Elf:1    | Identified the Handbook of Arcane Weapons
 40389 | Elf:1    | Identified the +7 short sword of Deformation {drain, rElec
                  | Int+2}
 40434 | Elf:2    | Found Joegra's Antique Armour Shop.
 40439 | Elf:2    | Reached XP level 20. HP: 171/178 MP: 14/35
 40571 | Elf:2    | Found Riluer's Book Shoppe.
 40776 | Elf:2    | Found a shimmering blue altar of Sif Muna.
 40844 | Elf:2    | Found a runed translucent gate.
 40845 | Elf:2    | Found a runed translucent gate.
 40846 | Elf:2    | Found a runed translucent gate.
 40978 | Elf:2    | Noticed Louise
 40996 | Elf:2    | Killed Louise
 41327 | Elf:2    | Found Tudgh's General Store.
 41356 | Elf:2    | Found Moroc's Armour Shoppe.
 42000 | Elf:3    | Entered Level 3 of the Elven Halls
 42155 | Elf:3    | Identified the cursed +2 pair of boots of the Eye in the
                  | Sky {Stlth+, Self, Evo} (You found it in a Gauntlet)
 42474 | Elf:3    | Reached ***** piety under Ashenzari
 42502 | Elf:3    | Reached XP level 21. HP: 171/193 MP: 30/38
 42589 | Elf:3    | Found Raukly's Antique Weapon Emporium.
 42725 | Elf:3    | Found Ovucw's Book Shop.
 42882 | Elf:3    | Identified the +2 quarterstaff "Zaot" {freeze, Str+5
                  | Stlth+}
 42951 | Elf:3    | Found the +9 heavy crossbow "Sniper" {vorpal, Acc+∞ SInv}
 43154 | Elf:3    | Found Miwimm's Magic Scroll Shoppe.
 43163 | Elf:3    | Bought a scroll of enchant weapon for 120 gold pieces
 43232 | Elf:3    | Found Nymnoloz's Assorted Antiques.
 43342 | Elf:3    | Found Vafy's Distillery.
 43646 | Vaults:1 | Entered Level 1 of the Vaults
 43669 | Vaults:1 | Reached skill level 15 in Invocations
 44106 | Vaults:1 | Found a flickering gateway to a bazaar.
 44117 | Bazaar   | Entered a bazaar
 44121 | Bazaar   | Found Jeamu's Jewellery Boutique.
 44139 | Bazaar   | Found Anejygit's Jewellery Emporium.
 44157 | Bazaar   | Found Sytocw's Book Boutique.
 44174 | Bazaar   | Found Quol's Antique Weapon Shoppe.
 45054 | Vaults:1 | Learned a level 6 spell: Dispersal
 45061 | Vaults:1 | Learned a level 6 spell: Conjure Ball Lightning
 45650 | Vaults:2 | Reached skill level 15 in Spellcasting
 45674 | Vaults:2 | Reached XP level 22. HP: 183/203 MP: 4/40
 46228 | Vaults:2 | Reached skill level 15 in Fighting
 46228 | Vaults:2 | Reached skill level 15 in Polearms
 46228 | Vaults:2 | Reached skill level 15 in Dodging
 46478 | Vaults:2 | Acquired 645 gold pieces
 46871 | Orc:2    | Bought the +8 orange crystal plate armour {Archmagi, Int+3
                  | Clar} for 4479 gold pieces
 46871 | Orc:2    | Found the +8 orange crystal plate armour {Archmagi, Int+3
                  | Clar}
 47124 | Vaults:2 | Found Oduuzooba's Armour Shop.
 47467 | Vaults:3 | Noticed Donald
 47493 | Vaults:3 | Killed Donald
 47895 | Vaults:3 | Noticed Qeoru's ghost (veteran GrFi)
 47930 | Vaults:3 | Found a runed translucent gate.
 47930 | Vaults:3 | Found a runed translucent gate.
 47930 | Vaults:3 | Found a runed translucent gate.
 48015 | Vaults:3 | Found a staircase to the Crypt.
 48612 | Vaults:3 | Identified the +7 glaive "Peynnij" {vorpal, *Corrode rC+++
                  | Str-5 Int+8}
 48962 | Vaults:3 | Reached skill level 15 in Throwing
 48962 | Vaults:3 | Reached skill level 15 in Armour
 49333 | Vaults:3 | Killed Qeoru's ghost
 49491 | Vaults:4 | Reached XP level 23. HP: 211/211 MP: 41/41
 49730 | Vaults:4 | Reached skill level 15 in Short Blades
 49730 | Vaults:4 | Reached skill level 15 in Long Blades
 49730 | Vaults:4 | Reached skill level 15 in Axes
 49730 | Vaults:4 | Reached skill level 15 in Maces & Flails
 49730 | Vaults:4 | Reached skill level 15 in Staves
 49730 | Vaults:4 | Reached skill level 15 in Slings
 49730 | Vaults:4 | Reached skill level 15 in Bows
 49730 | Vaults:4 | Reached skill level 15 in Crossbows
 49730 | Vaults:4 | Reached skill level 15 in Stealth
 49730 | Vaults:4 | Reached skill level 15 in Shields
 49730 | Vaults:4 | Reached skill level 15 in Unarmed Combat
 49730 | Vaults:4 | Reached skill level 15 in Evocations
 50146 | Vaults:4 | Found Gemigas's Magic Scroll Emporium.
 50231 | Vaults:4 | Bought a scroll of teleportation for 69 gold pieces
 50231 | Vaults:4 | Bought a scroll of fear for 80 gold pieces
 50231 | Vaults:4 | Bought a scroll of fear for 80 gold pieces
 51114 | Vaults:5 | Entered Level 5 of the Vaults
 51449 | Vaults:5 | Reached XP level 24. HP: 93/222 MP: 37/41
 51607 | Vaults:5 | Identified the +7 rapier "Lasiw" {vorpal, +Rage rPois Str+4
                  | Dex+4}
 51670 | Vaults:5 | Identified the ring "Zeudeleo" {Int+6 Dex+6}
 51767 | Vaults:5 | Identified the +7 plate armour "Jojaf" {rF+ Slay+2 SInv}
 51771 | Vaults:5 | Identified the +2 leather armour of Calculation {Drain
                  | rF+++ Will- rCorr}
 51773 | Vaults:5 | Noticed an ancient lich
 51840 | Vaults:5 | Lost mutation: You are robust. (+10% HP) [a shining eye]
 51888 | Vaults:5 | Noticed a dread lich
 51902 | Vaults:5 | Gained mutation: You are occasionally teleported next to
                  | monsters. [a neqoxec]
 51905 | Vaults:5 | Killed a dread lich
 51966 | Vaults:5 | Lost mutation: You are partially covered in iridescent
                  | scales. (AC +2) [potion of mutation]
 51966 | Vaults:5 | Lost mutation: You are dopey. (Int -2) [potion of mutation]
 51966 | Vaults:5 | Gained mutation: You tend to lose your temper in combat.
                  | [potion of mutation]
 51966 | Vaults:5 | Gained mutation: Your mind is acute. (Int +2) [potion of
                  | mutation]
 51966 | Vaults:5 | Gained mutation: You are partially covered in iridescent
                  | scales. (AC +2) [potion of mutation]
 51967 | Vaults:5 | Lost mutation: You are partially covered in iridescent
                  | scales. (AC +2) [potion of mutation]
 51967 | Vaults:5 | Lost mutation: You passively map a small area around you.
                  | [potion of mutation]
 51967 | Vaults:5 | Lost mutation: Your magical capacity is low. (-10% MP)
                  | [potion of mutation]
 51967 | Vaults:5 | Lost mutation: You tend to lose your temper in combat.
                  | [potion of mutation]
 51967 | Vaults:5 | Gained mutation: You have large cloven feet. [potion of
                  | mutation]
 51968 | Vaults:5 | Lost mutation: Your mind is acute. (Int +2) [potion of
                  | mutation]
 51968 | Vaults:5 | Lost mutation: You have large cloven feet. [potion of
                  | mutation]
 51968 | Vaults:5 | Gained mutation: You are clumsy. (Dex -2) [potion of
                  | mutation]
 51968 | Vaults:5 | Gained mutation: Your flesh is heat resistant. (rF+)
                  | [potion of mutation]
 51969 | Vaults:5 | Gained mutation: You are very clumsy. (Dex -4) [potion of
                  | mutation]
 51970 | Vaults:5 | Lost mutation: You are very clumsy. (Dex -4) [potion of
                  | mutation]
 51970 | Vaults:5 | Lost mutation: You are clumsy. (Dex -2) [potion of
                  | mutation]
 51970 | Vaults:5 | Lost mutation: You are occasionally teleported next to
                  | monsters. [potion of mutation]
 51970 | Vaults:5 | Gained mutation: You have an increased reservoir of magic.
                  | (+10% MP) [potion of mutation]
 51999 | Vaults:5 | Identified the +4 battleaxe of the Several Visions {vorpal,
                  | rF+ Str+2 Int+5}
 52300 | Vaults:5 | Killed an ancient lich
 52565 | Vaults:5 | Found the +18 shield of the Gong {rElec rN+ Will+ EV-5}
 52565 | Vaults:5 | Identified Wecuk's Catalogue of Fetching Dark Rites
 52639 | Vaults:5 | Got a silver rune of Zot
 52823 | Vaults:5 | Identified the +3 scale mail of the Friends {rElec Int-2
                  | Dex+2 Stlth+}
 53324 | Depths:1 | Entered Level 1 of the Depths
 53613 | Depths:1 | Found a one-way gate to the infinite horrors of the Abyss.
 53984 | Depths:1 | Found a gateway to Hell.
 53995 | Depths:1 | Found a large runed translucent door.
 53996 | Depths:1 | Found a large runed translucent door.
 53999 | Depths:1 | Found a large runed translucent door.
 54157 | Depths:1 | Reached XP level 25. HP: 138/210 MP: 46/51
 54358 | Depths:1 | Found a large runed translucent door.
 54361 | Depths:1 | Found a large runed translucent door.
 54393 | Depths:1 | Found a large runed translucent door.
 54394 | Depths:1 | Found a large runed translucent door.
 54399 | Depths:1 | Found a large runed translucent door.
 55490 | Depths:2 | Found a sacrificial altar of Ru.
 55738 | Depths:2 | Found Pepila's Book Boutique.
 55940 | Depths:2 | Found Faotaov's Jewellery Emporium.
 55941 | Depths:2 | Found Xiruto's Book Boutique.
 56242 | Depths:3 | Noticed a juggernaut
 56305 | Depths:2 | Killed a juggernaut
 56716 | Depths:3 | Found a gateway to a ziggurat.
 56828 | Depths:3 | Reached skill level 15 in Translocations
 56918 | Depths:3 | Noticed Mara
 56931 | Depths:3 | Noticed kuzmorgo's illusion
 57148 | Depths:3 | Noticed kuzmorgo's illusion
 57202 | Depths:3 | Killed Mara
 57588 | Depths:3 | Reached ****** piety under Ashenzari
 57671 | Depths:3 | Found a one-way gate leading to the halls of Pandemonium.
 57697 | Depths:3 | Lost mutation: You have an increased reservoir of magic.
                  | (+10% MP) [a cacodemon]
 57699 | Depths:3 | Reached XP level 26. HP: 218/220 MP: 47/47
 58487 | Depths:4 | Identified the ring "Nesurosink" {Fly rElec rF- Will+++
                  | Int-4}
 58727 | Depths:4 | Paralysed by a Zot trap for 2 turns
 58892 | Depths:4 | Identified Giewuwka's Catalogue of Venomous Transformation
 58969 | Depths:4 | Noticed Frederick
 58997 | Depths:4 | Killed Frederick
 59804 | Depths:5 | Entered Level 5 of the Depths
 59968 | Depths:4 | Reached XP level 27. HP: 178/229 MP: 48/48
 60032 | Depths:5 | Found Nampusta's Jewellery Boutique.
 60283 | Depths:5 | Found a blossoming altar of Fedhas.
 60441 | Depths:5 | Found a gate to the Realm of Zot.
 60895 | Depths:5 | Identified the +4 chain mail of the Game Afoot {Harm rN+
                  | Str+4 Dex-2}
 61004 | Depths:3 | Reached skill level 15 in Conjurations
 61004 | Depths:3 | Reached skill level 15 in Hexes
 61004 | Depths:3 | Reached skill level 15 in Summonings
 61004 | Depths:3 | Reached skill level 15 in Necromancy
 61004 | Depths:3 | Reached skill level 15 in Transmutations
 61004 | Depths:3 | Reached skill level 15 in Fire Magic
 61004 | Depths:3 | Reached skill level 15 in Ice Magic
 61004 | Depths:3 | Reached skill level 15 in Air Magic
 61004 | Depths:3 | Reached skill level 15 in Earth Magic
 61004 | Depths:3 | Reached skill level 15 in Poison Magic
 61009 | Zig:1    | Entered Level 1 of a ziggurat
 61030 | Zig:2    | Entered Level 2 of a ziggurat
 61034 | Zig:2    | Identified the ring "Walicot" {rElec rF+}
 61052 | Zig:3    | Entered Level 3 of a ziggurat
 61055 | Zig:3    | Identified the Almanac of Earthen Malediction
 61237 | Zig:4    | Entered Level 4 of a ziggurat
 61239 | Zig:4    | Identified the +2 fire dragon scales "Tyex Vag" {rF++ rC-
                  | Str+2}
 61400 | Zig:5    | Entered Level 5 of a ziggurat
 61409 | Zig:5    | Identified the ring of the Thoughtful Queens {+Blink rPois
                  | rF- rN+ Int+4}
 61409 | Zig:5    | Identified Sif Muna's Guide on Fetching Clay
 61582 | Zig:6    | Entered Level 6 of a ziggurat
 61592 | Zig:6    | Noticed a dread lich
 61612 | Zig:6    | Killed a dread lich
 61623 | Zig:6    | Identified the +0 robe of Zenu Vae {rF+ rC++ Will- Regen+}
 61758 | Zig:7    | Entered Level 7 of a ziggurat
 61949 | Zig:7    | Identified the +8 falchion "Refo Joe" {vorpal, Str+4 SInv}
 61980 | Zig:8    | Entered Level 8 of a ziggurat
 61991 | Zig:8    | Noticed a royal mummy
 62023 | Zig:8    | Identified Sasian's Papyrus of Shifting Stones
 62023 | Zig:8    | Identified the +8 chain mail of the Heavens {rElec rN+
                  | Str-2 Dex+2}
 62446 | Crypt:1  | Entered Level 1 of the Crypt
 62562 | Crypt:1  | Learned a level 8 spell: Summon Horrible Things
 62683 | Crypt:1  | Found a large runed translucent door.
 62684 | Crypt:1  | Found a large runed translucent door.
 62687 | Crypt:1  | Noticed Xucumn's ghost (veteran GrFi)
 63256 | Crypt:1  | Killed Xucumn's ghost
 63454 | Crypt:2  | Upgraded the game from 0.27-a0-1185-ga233589e6f to
                  | 0.27-a0-1187-ge80a49f48c
 64413 | Crypt:3  | Entered Level 3 of the Crypt
 64689 | Crypt:3  | Identified Sif Muna's Compendium of Creation
 64910 | Crypt:3  | Identified the Incunabulum of Stolen Souls
 65004 | Crypt:3  | Identified the ring of Suph {*Slow rPois Slay+6 SInv
                  | Stlth+}
 65185 | Crypt:3  | Identified the +6 kite shield of Ihop {rF+ rCorr}
 65504 | Crypt:3  | Noticed a dread lich
 65531 | Crypt:3  | Found a staircase to the Tomb.
 65544 | Crypt:3  | Noticed an ancient lich
 65559 | Crypt:3  | Killed an ancient lich
 65609 | Crypt:3  | Killed a dread lich
 66875 | Slime:1  | Entered Level 1 of the Pits of Slime
 67505 | Slime:2  | Gained mutation: Potions are less effective at restoring
                  | your health. [a shining eye]
 67850 | D:11     | Bought 6 silver javelins for 144 gold pieces
 67850 | D:11     | Bought 7 silver javelins for 168 gold pieces
 68733 | Vaults:3 | Learned a level 5 spell: Irradiate
 68743 | Vaults:3 | Learned a level 7 spell: Ozocubu's Refrigeration
 69135 | Slime:2  | Gained mutation: You sometimes lose the ability to read
                  | scrolls when taking damage. [a shining eye]
 70466 | Slime:4  | Gained mutation: Your body sometimes deteriorates upon
                  | taking damage. [a shining eye]
 70469 | Slime:4  | Gained mutation: Your spells are a little easier to cast,
                  | but a little less powerful. [a shining eye]
 71132 | Slime:4  | Lost mutation: Potions are less effective at restoring your
                  | health. [potion of mutation]
 71132 | Slime:4  | Lost mutation: Your body sometimes deteriorates upon taking
                  | damage. [potion of mutation]
 71132 | Slime:4  | Gained mutation: You have sharp fingernails. [potion of
                  | mutation]
 71132 | Slime:4  | Gained mutation: You are agile. (Dex +2) [potion of
                  | mutation]
 71132 | Slime:4  | Lost mutation: You sometimes lose the ability to read
                  | scrolls when taking damage. [potion of mutation]
 71144 | Slime:5  | Entered Level 5 of the Pits of Slime
 71392 | Slime:5  | Gained mutation: You are dopey. (Int -2) [a shining eye]
 71576 | Slime:5  | Paralysed by a floating eye for 4 turns
 71764 | Slime:5  | Gained mutation: You are occasionally teleported next to
                  | monsters. [a shining eye]
 71770 | Slime:5  | Noticed the Royal Jelly
 71975 | Slime:5  | Identified the +10 long sword of Hell's Wrath {speed,
                  | +Blink rC+++ Dex-2 SInv}
 72035 | Slime:5  | Gained mutation: Your magical capacity is low. (-10% MP) [a
                  | shining eye]
 72038 | Slime:5  | Gained mutation: You do not regenerate when monsters are
                  | visible. [a shining eye]
 72052 | Slime:4  | Lost mutation: Your flesh is heat resistant. (rF+) [potion
                  | of mutation]
 72052 | Slime:4  | Lost mutation: Your magical capacity is low. (-10% MP)
                  | [potion of mutation]
 72052 | Slime:4  | Lost mutation: You have sharp fingernails. [potion of
                  | mutation]
 72052 | Slime:4  | Gained mutation: Your body sometimes deteriorates upon
                  | taking damage. [potion of mutation]
 72052 | Slime:4  | Gained mutation: Your magical capacity is low. (-10% MP)
                  | [potion of mutation]
 72052 | Slime:4  | Gained mutation: You are weak. (Str -2) [potion of
                  | mutation]
 72370 | Elf:3    | Bought a potion of mutation for 368 gold pieces
 72370 | Elf:3    | Bought a scroll of blinking for 345 gold pieces
 72370 | Elf:3    | Bought a potion of mutation for 368 gold pieces
 72370 | Elf:3    | Lost mutation: You are occasionally teleported next to
                  | monsters. [potion of mutation]
 72370 | Elf:3    | Lost mutation: You are weak. (Str -2) [potion of mutation]
 72370 | Elf:3    | Gained mutation: You have a pair of small horns on your
                  | head. [potion of mutation]
 72370 | Elf:3    | Lost mutation: You are dopey. (Int -2) [potion of mutation]
 72371 | Elf:3    | Lost mutation: Your magical capacity is low. (-10% MP)
                  | [potion of mutation]
 72371 | Elf:3    | Lost mutation: You are agile. (Dex +2) [potion of mutation]
 72371 | Elf:3    | Gained mutation: Your system is resistant to poisons.
                  | (rPois) [potion of mutation]
 72371 | Elf:3    | Gained mutation: You have a somewhat thin skeletal
                  | structure. (Dex +2, Stealth+) [potion of mutation]
 72371 | Elf:3    | Gained mutation: You are strong-willed. (Will+) [potion of
                  | mutation]
 72371 | Elf:3    | Lost mutation: Your spells are a little easier to cast, but
                  | a little less powerful. [potion of mutation]
 72707 | Slime:5  | Identified the +3 hand crossbow of Vuhog {flame, rElec
                  | Str+4 Int+3 Dex-2}
 72707 | Slime:5  | Found a viscous altar of Jiyva.
 72708 | Slime:5  | Identified the +8 hand axe "Ychaxtis" {vorpal, rF+ Str+4}
 72710 | Slime:5  | Identified Sif Muna's Incunabulum of Cold
 72859 | Slime:5  | Killed the Royal Jelly
 73105 | Slime:5  | Got a slimy rune of Zot
 73720 | Hell     | Entered the Vestibule of Hell
 73759 | Hell     | Noticed Geryon
 73933 | Hell     | Killed Geryon
 74746 | Hell     | Found a gateway to the ashen valley of Gehenna.
 74845 | Hell     | Found a gateway to the Iron City of Dis.
 74888 | Hell     | Found a gateway to the freezing wastes of Cocytus.
 74956 | Hell     | Found a gateway to the decaying netherworld of Tartarus.
 75191 | Hell     | Learned a level 7 spell: Summon Hydra
 75194 | Coc:1    | Entered Level 1 of Cocytus
 77638 | Coc:7    | Entered Level 7 of Cocytus
 79193 | Coc:7    | Noticed Antaeus
 79209 | Coc:7    | Killed Antaeus
 79327 | Coc:7    | Got an icy rune of Zot
 79863 | Geh:1    | Entered Level 1 of Gehenna
 81691 | Geh:7    | Entered Level 7 of Gehenna
 83313 | Geh:7    | Found the +7 sceptre of Asmodeus
 83313 | Geh:7    | Noticed Asmodeus
 84071 | Geh:7    | Killed Asmodeus
 84138 | Geh:7    | Identified the ring of Lapitek {Will+ Str+5 Dex+6}
 84144 | Geh:7    | Identified the +7 dagger of Execution {protect, rN+ Int+3
                  | Stlth+}
 84252 | Geh:7    | Got an obsidian rune of Zot
 84546 | Tar:1    | Entered Level 1 of Tartarus
 85664 | Tar:4    | Learned a level 6 spell: Invisibility
 85672 | Tar:4    | Learned a level 1 spell: Apportation
 86715 | Tar:7    | Entered Level 7 of Tartarus
 86716 | Tar:7    | Upgraded the game from 0.27-a0-1187-ge80a49f48c to
                  | 0.27-a0-1188-g73eefd5def
 87719 | Tar:7    | Noticed Ereshkigal
 88169 | Tar:7    | Killed Ereshkigal
 88259 | Tar:7    | Got a bone rune of Zot
 88985 | Tar:7    | Identified the +11 great mace of Chance {antimagic, *Noise
                  | Drain rC+ rN+ Str+2}
 88986 | Tar:7    | Found the +7 Singing Sword {vorpal, sonic wave}
 88992 | Tar:7    | Identified the +1 dire flail "Tyil" {protect, rF- Dex+4
                  | SInv Stlth+}
 89341 | Tar:7    | Identified the ring "Johuaj" {rC+ rN+ Str+3 Dex+6 SInv}
 89341 | Tar:7    | Identified the +7 chain mail "Mawn" {Dex+3}
 89341 | Tar:7    | Identified the ring of Wayl {rN+ MP+9}
 89423 | Tar:7    | Identified the +5 plate armour of Entitlement {-Tele rElec
                  | Dex+3}
 89581 | Tar:7    | Identified the Disquisition on Excruciating Envenoming
 89847 | Dis:1    | Entered Level 1 of the Iron City of Dis
 90492 | Dis:6    | Found a huge runed gate.
 90492 | Dis:6    | Found a huge runed gate.
 90493 | Dis:6    | Found a huge runed gate.
 90494 | Dis:6    | Found a huge runed gate.
 90495 | Dis:6    | Found a huge runed gate.
 90495 | Dis:6    | Found a huge runed gate.
 90495 | Dis:6    | Found a huge runed gate.
 90503 | Dis:6    | Found a huge runed gate.
 90503 | Dis:6    | Found a huge runed gate.
 90503 | Dis:6    | Found a huge runed gate.
 90503 | Dis:6    | Found a huge runed gate.
 90507 | Dis:6    | Found a huge runed gate.
 90516 | Dis:6    | Found a huge runed gate.
 90517 | Dis:6    | Found a huge runed gate.
 90518 | Dis:6    | Found a huge runed gate.
 90564 | Dis:7    | Entered Level 7 of the Iron City of Dis
 91176 | Dis:7    | Identified the +2 spear of Xuchek {holy, rPois}
 91188 | Dis:7    | Identified the ring of Balance {*Corrode rF+ rN+ Dex+9}
 91435 | Dis:7    | Identified Cippur's Guide on Beguiling
 91483 | Dis:7    | Found the +4 staff of Dispater
 91483 | Dis:7    | Noticed Dispater
 91499 | Dis:7    | Killed Dispater
 91648 | Dis:7    | Identified the +3 morningstar of Sloth {elec, Str+3}
 91653 | Dis:7    | Got an iron rune of Zot
 91822 | Dis:7    | Learned a level 8 spell: Ignition
 91902 | Dis:7    | Identified the +4 plate armour of the Flute {Fly rCorr}
 91909 | Dis:7    | Identified the ring of Suspected Treachery {rC- Will+ Int+3
                  | Dex+4 Slay+4}
 92214 | Dis:7    | Identified the quicksilver dragon scales of Vatruc {Drain
                  | rN++ Will+}
 93145 | Elf:2    | Bought an embroidered scarf for 288 gold pieces
 93145 | Elf:2    | Bought a runed scarf for 288 gold pieces
 93189 | Elf:3    | Bought a book of Power for 540 gold pieces
 93189 | Elf:3    | Bought a book of the Earth for 780 gold pieces
 93198 | Elf:3    | Learned a level 6 spell: Iron Shot
 93597 | Zot:1    | Entered Level 1 of the Realm of Zot
 93835 | Zot:1    | Found a shimmering altar of Xom.
 93835 | Zot:1    | Noticed Vyoziuh's ghost (legendary KoDe)
 93836 | Zot:1    | Found a runed translucent door.
 94919 | Zot:2    | Identified the +1 morningstar "Dishowan" {vorpal, Dex+3}
 96394 | Zot:4    | Found a transporter.
 96530 | Zot:4    | Found Qecough's Changing Room.
 96594 | Zot:4    | Identified Xahe's Catalogue of Dusty Envenoming
 96594 | Zot:4    | Identified the amulet "Fitei" {Reflect *Slow rPois rC+ SH+5
                  | SInv}
 96599 | Zot:4    | Found a transporter.
 96602 | Zot:4    | Identified the ring of Juaclubb {rC+ rN+ Str-3 Int+2}
 96941 | Zot:4    | Noticed an orb of fire
 96946 | Zot:4    | Killed an orb of fire
 97148 | Zot:4    | Gained mutation: Your magical capacity is low. (-10% MP) [a
                  | cacodemon]
 97361 | Depths:5 | Voluntarily entered the Abyss.
 97361 | Abyss:1  | Found a corrupted altar of Lugonu.
 98225 | Abyss:2  | Identified the +4 ring mail of Tainkemn {rF+}
 98366 | Abyss:2  | Gained mutation: You are dopey. (Int -2) [a neqoxec]
 98532 | Abyss:3  | Reached skill level 27 in Armour
 98631 | Abyss:4  | Found a corrupted altar of Lugonu.
 99518 | Abyss:4  | Gained mutation: Your body often deteriorates upon taking
                  | damage. [a neqoxec]
 99564 | Abyss:5  | Entered Level 5 of the Abyss
 99717 | Abyss:5  | Gained mutation: Your spells are much easier to cast, but
                  | much less powerful. [a neqoxec]
 99872 | Abyss:5  | Lost mutation: Your spells are a little easier to cast, but
                  | a little less powerful. [potion of mutation]
 99872 | Abyss:5  | Lost mutation: Your body often deteriorates upon taking
                  | damage. [potion of mutation]
 99872 | Abyss:5  | Lost mutation: You have a pair of small horns on your head.
                  | [potion of mutation]
 99872 | Abyss:5  | Gained mutation: You passively map a small area around you.
                  | [potion of mutation]
 99872 | Abyss:5  | Gained mutation: You have sharp toenails. [potion of
                  | mutation]
 99962 | Abyss:5  | Gained mutation: Your body often deteriorates upon taking
                  | damage. [a neqoxec]
100063 | Abyss:5  | Found a corrupted altar of Lugonu.
100681 | Abyss:5  | Noticed a juggernaut
100704 | Abyss:5  | Found a glowing golden altar of the Shining One.
100759 | Abyss:5  | Found a glowing golden altar of the Shining One.
100779 | Abyss:5  | Killed a juggernaut
100794 | Abyss:5  | Got an abyssal rune of Zot
100806 | Depths:5 | Escaped the Abyss
100931 | Pan      | Entered Pandemonium
100947 | Pan      | Gained mutation: Your magical capacity is very low. (-20%
                  | MP) [a cacodemon]
101028 | Pan      | Noticed Yhialit the pandemonium lord
101039 | Pan      | Killed Yhialit the pandemonium lord
101190 | Pan      | Found an exit through the horrors of the Abyss.
101923 | Pan      | Noticed Yptiecs the pandemonium lord
101934 | Pan      | Killed Yptiecs the pandemonium lord
102626 | Pan      | Reached skill level 27 in Slings
102654 | Pan      | Noticed Renlese the pandemonium lord
102773 | Pan      | Identified the cursed +2 hat "Shackled Together" {SInv,
                  | Melee, Elem} (You found it on level 2 of the Snake Pit)
102786 | Pan      | Killed Renlese the pandemonium lord
103606 | Pan      | Found a runed translucent door.
103606 | Pan      | Noticed Voyjojo the pandemonium lord
103612 | Pan      | Killed Voyjojo the pandemonium lord
104110 | Pan      | Got a demonic rune of Zot
104139 | Pan      | Entered the realm of Cerebov.
104274 | Pan      | Identified the ring "Qixoacuxt" {rF++ Will+ Str+6 Int+2}
104289 | Pan      | Identified the +7 dire flail "Orb Guardian's Curse" {drain,
                  | +Rage rF+}
104351 | Pan      | Found the +6 sword of Cerebov {flame}
104351 | Pan      | Noticed Cerebov
104730 | Pan      | Identified the +8 falchion of Might {vorpal, rPois rN+
                  | Str-3 SInv}
104731 | Pan      | Identified the ring of Vymaog {SInv Stlth+}
104753 | Pan      | Killed Cerebov
104767 | Pan      | Got a fiery rune of Zot
104908 | Pan      | Identified Magic Continued
104909 | Pan      | Identified the ring of the Wary Cities {MP+9 Slay+4}
105400 | Pan      | Identified Ceeh's Tome of Transformation
105604 | Pan      | Noticed Xogasa the pandemonium lord
105612 | Pan      | Killed Xogasa the pandemonium lord
106721 | Pan      | Found a runed translucent door.
106723 | Pan      | Found a runed translucent door.
106727 | Pan      | Found a runed translucent door.
106727 | Pan      | Noticed Okkuedwe the pandemonium lord
106738 | Pan      | Killed Okkuedwe the pandemonium lord
106871 | Pan      | Gained mutation: Your spells are a little easier to cast,
                  | but a little less powerful. [a cacodemon]
106880 | Pan      | Paralysed by accursed screaming for 1 turns
106913 | Pan      | Found a runed translucent door.
106993 | Pan      | Gained mutation: Armour fits poorly on your strangely
                  | shaped body. [a cacodemon]
107304 | Pan      | Found an exit through the horrors of the Abyss.
107842 | Pan      | Noticed Pehehaleh the pandemonium lord
107847 | Pan      | Killed Pehehaleh the pandemonium lord
108776 | Pan      | Noticed a seraph
108781 | Pan      | Identified the +7 broad axe "Zahipob" {vamp, rF+ rCorr
                  | Int+2}
108783 | Pan      | Identified the +3 dagger of Theory {drain, Dex+4}
109018 | Pan      | Identified the +0 tower shield of the Villain {rC+}
109397 | Pan      | Identified the +2 tower shield of the Fiddle {rC+ rN+}
109524 | Pan      | Found a white marble altar of Elyvilon.
110038 | Pan      | Identified the +1 tower shield "Nempu" {rC+ Str+3}
110065 | Pan      | Found a glowing silver altar of Zin.
110426 | Pan      | Killed a seraph
110487 | Pan      | Found a glowing golden altar of the Shining One.
110492 | Pan      | Identified Plog's Reference Book on Unstable Conjuration
110979 | Pan      | Entered the realm of Lom Lobon.
111172 | Pan      | Reached skill level 27 in Invocations
111367 | Pan      | Noticed Lom Lobon
111401 | Pan      | Killed Lom Lobon
111410 | Pan      | Got a magical rune of Zot
111561 | Pan      | Entered the realm of Gloorx Vloq.
111566 | Pan      | Noticed Gloorx Vloq
111576 | Pan      | Killed Gloorx Vloq
112461 | Pan      | Got a dark rune of Zot
112617 | Pan      | Noticed Kecoi the pandemonium lord
112885 | Pan      | Entered the realm of Mnoleg.
112939 | Pan      | Noticed Mnoleg
113020 | Pan      | Gained mutation: You are frail. (-10% HP) [a cacodemon]
113021 | Pan      | Gained mutation: You are very frail. (-20% HP) [a
                  | cacodemon]
113034 | Pan      | Gained mutation: You are extremely frail. (-30% HP) [a
                  | cacodemon]
113068 | Pan      | Gained mutation: You tend to lose your temper in combat. [a
                  | cacodemon]
113088 | Pan      | Gained mutation: You are occasionally teleported next to
                  | monsters. [a cacodemon]
113107 | Pan      | Killed Mnoleg
113209 | Pan      | Got a glowing rune of Zot
113209 | Pan      | Gained mutation: You occasionally shout uncontrollably at
                  | your foes. [a neqoxec]
113222 | Pan      | Gained mutation: You often lose your temper in combat. [a
                  | neqoxec]
113227 | Pan      | Gained mutation: You are weak. (Str -2) [a neqoxec]
113234 | Pan      | Gained mutation: You sometimes lose the ability to read
                  | scrolls when taking damage. [a neqoxec]
113256 | Pan      | Gained mutation: Your magical capacity is extremely low.
                  | (-30% MP) [a neqoxec]
113280 | Pan      | Gained mutation: You have an uncontrollable temper. [a
                  | neqoxec]
113294 | Pan      | Identified the +7 scimitar "Hiptew" {venom, Int+4}
113295 | Pan      | Noticed Zyarozem the pandemonium lord
113297 | Pan      | Identified the +2 hand axe of Sukk {flame, rN+ Int+4}
113300 | Pan      | Killed from afar by a hellion

Illustrated notes

Levels and vault maps discovered:
D:1:      lightli_arrival_windingriver, layout_loops_cross,
          minmay_tiny_reverse_x
D:2:      layout_basic, basic_altar
D:3:      layout_rooms, grunt_temple_overflow_gold_and_silver,
          nicolae_ru_awakened_eye, hellmonk_ecumenical_altar_inner_sanctum,
          minmay_misc_feat_x, uniq_natasha
D:4:      layout_loops_cross, chequers_temple_overflow_statue_of_worship
D:5:      layout_loops_cross, hex_medium, st_stairs_12, uniq_prince_ribbit1
D:6:      layout_layer_cave, temple_statues
D:7:      layout_basic, palyth_stone_intersect, st_stairs_9, grunt_livestock
D:8:      layout_loops_cross, kennysheep_ying_yang, serial_shops,
          shop_fountains, shop_fountains, uniq_maggie
D:9:      layout_loops_ring, gammafunk_temple_overflow_wave,
          gammafunk_ghost_split
D:10:     layout_loops_ring, gammafunk_ghost_spectres, uniq_urug, uniq_maurice,
          uniq_joseph
D:11:     layout_basic, erik_lair_orcish_takeover, orc_david_3, serial_rivers,
          chequers_serial_rivers_marsh, chequers_serial_rivers_room_a,
          chequers_serial_rivers_micro_a, chequers_serial_rivers_micro_e,
          nicolae_trove_entry_diagonal
D:12:     layout_basic, chequers_serial_rivers_micro_d
D:13:     layout_irregular_city, gammafunk_ghost_stat_death
D:14:     layout_long_grid, skrybe_vaults_entry_preservation, special_room
          [special_room_orc], uniq_josephine, uniq_agnes, uniq_azrael
D:15:     grunt_enter_depths_magical_seal, layout_basic, uniq_roxanne
Lair:1:   layout_cave_pods, beast_lair_carwin_1, grunt_megastairs_5
Lair:2:   layout_cave_pods
Lair:3:   layout_misc_corridors, minmay_shoals_entry_hut,
          guppyfry_snake_entry_garden, gauntlet_entry_generic,
          minmay_lair_oklob_items, ldierk_geyser, ldierk_geyser
Lair:4:   layout_gridlike, hangedman_tree_tricks, serial_bayou_pond_b,
          serial_bayou_pond_c
Lair:5:   layout_small_grid, kilobyte_rumbling_trees, grunt_megastairs_1,
          infiniplex_staircase_pool_2, uniq_snorg, uniq_rupert
Lair:6:   hangedman_lair_in_review, layout_gridlike, slime_altar_1
Shoals:1: layout_shoals, gammafunk_ghost_wrathful_warriors, nzn_prometheus_bound
Shoals:2: layout_shoals, uniq_ilsuiw
Shoals:3: layout_shoals, ldierk_geyser, nicolae_shoals_water_elemental_grotto
Shoals:4: shoals_end_grunt_ice, layout_shoals
Snake:1:  layout_onion, evilmike_ambush [evilmike_ambush_outer_pillars,
          evilmike_ambush_inner_wall_2]
Snake:2:  layout_layer_cave, st_stairs_11, minmay_shop_star,
          serial_bayou_shore_b
Snake:3:  layout_gridlike, serial_shops, shop, minmay_shoptagon,
          lemuel_fruit_tree, grunt_megastairs_3
Snake:4:  grunt_snake_rune_pools, layout_cave_town, serial_shops, shop,
          serial_bayou_pond_a, serial_bayou_pond_c
Slime:1:  layout_caves
Slime:2:  layout_caves
Slime:3:  layout_caves, nicolae_slime_welcoming_committee
Slime:4:  layout_caves
Slime:5
Orc:1:    lemuel_ogre_cave, layout_caves, serial_shops, shop
Orc:2:    grunt_orc_community_town_hall, layout_caves,
          grunt_orc_community_big_house_2, grunt_orc_community_big_house_1,
          grunt_orc_community_house_1, grunt_orc_community_house_2,
          grunt_orc_community_house_1, grunt_orc_community_house_2,
          grunt_orc_community_house_2, grunt_orc_community_house_1, basic_altar,
          uniq_saint_roka
Elf:1:    elf_arrival_001, layout_gridlike, serial_shops,
          nicolae_shop_overgrown_old_shop, minmay_elf_annihilation
Elf:2:    layout_geoelf_grid, serial_shops, nicolae_shop_statue_plus,
          nicolae_shop_overgrown_old_shop, shop, shop, basic_altar, uniq_louise
Elf:3:    grunt_elf_hall_branching, layout_gridlike, serial_shops,
          nicolae_shop_waterfront, shop, shop, nicolae_shop_waterfront, shop,
          serial_sigils_hangedman_etch, minmay_crystal_room, solitary_fountain,
          nicolae_elf_big_sculpture_1
Vaults:1: v_misc_3, dpeg_vaults_monster_row, v_misc_33,
          ontoclasm_vaults_misaligned, hangedman_vaults_stretched_pinwheel,
          vaults_dpeg_ring, nicolae_vaults_ninety_degrees,
          vaults_room_semicircle, nicolae_vaults_diagonal_hallway_7,
          ontoclasm_vaults_ligature, v_pattern_5, v_rooms_3,
          layout_vaults_maze_bifur, serial_shops, bzr_entry_lakeside
Vaults:2: nicolae_vaults_little_squares_6, vaults_mumra_hex, v_misc_29,
          hangedman_vaults_snaps, nicolae_vaults_what_the_h,
          vaults_dpeg_diagonal, vaults_room_corners, grunt_vaults_focal,
          vaults_room_corners, layout_vaults_omnigrid, serial_shops, shop
Vaults:3: gammafunk_vaults_ghost_split, v_alt_pattern_5,
          blue_anna_dwarven_crypt, nicolae_vaults_network_square,
          nicolae_vaults_angled_halls, hangedman_vaults_nails,
          vaults_mumra_bighexcomb, vaults_room_pools, nicolae_vaults_network_s,
          nicolae_vaults_network_quinsquares
          [nicolae_vaults_network_quincunx_subvault,
          nicolae_vaults_network_quincunx_subvault,
          nicolae_vaults_network_quincunx_subvault,
          nicolae_vaults_network_quincunx_subvault], hangedman_vaults_cutoff,
          vaults_room_stairs_pillars, vaults_room_semicircle,
          layout_vaults_chaotic_city, uniq_donald
Vaults:4: nicolae_vaults_arrows, nicolae_vaults_stairing_the_circle, v_misc_13,
          ontoclasm_vaults_idyll, nicolae_vaults_yaktaur_gun_rack,
          vaults_standard_mumra_enter_the_diamond, v_pattern_3,
          ontoclasm_vaults_loading_screen, vaults_room_pools,
          vaults_room_semicircle, nicolae_vaults_asterisk,
          layout_vaults_omnicross, serial_shops, shop
Vaults:5
Crypt:1:  layout_rooms, ebering_ghost_disaster_area
Crypt:2:  layout_regular_city, grunt_megastairs_2
Crypt:3:  quadcrypt_mu
Depths:1: minmay_five_octagons, layout_basic, abyss_entry,
          kennysheep_cluttered_room, grunt_mini_vestibule
Depths:2: lemuel_troll_bridge, layout_gridlike, lemuel_crystal_altar,
          pf_coc_iceberg, minmay_shop_grove, firewood_loft
Depths:3: evilmike_cross, layout_cave_pools, enter_ziggurat_c, hell_entry,
          chequers_serial_rivers_micro_d, rand_demon_pan_entry_1,
          serial_bayou_lake_a, infiniplex_staircase_9_rooms,
          serial_bayou_shore_b, uniq_mara, uniq_margery
Depths:4: hangedman_pleasuredromes, abyss_entry, hell_entry, uniq_frederick
Depths:5: grunt_x_marks_the_spot, layout_small_grid, fedhas_altar_3,
          serial_shops, shop, hell_entry, abyss_entry_small_statue_room,
          kennysheep_four_rooms
Hell
Dis:1:    layout_subdivisions, hangedman_dis_decor_tower
Dis:2:    layout_gridville
Dis:3:    layout_gridville
Dis:4:    layout_subdivisions
Dis:5:    layout_subdivisions
Dis:6:    layout_gridville, hangedman_dis_decor_blocks_talon, door_vault
Dis:7:    iron_city_of_dis [dis_old, dis_wall_3], layout_chaotic_city
Geh:1:    layout_gehenna_lava_caves, lemuel_flamethrower_2
Geh:2:    layout_gehenna_pools_basic
Geh:3:    layout_gehenna_pools_box
Geh:4:    layout_gehenna_lava_caves
Geh:5:    layout_gehenna_pools_basic
Geh:6:    layout_gehenna_pools_basic
Geh:7:    geh_mu
Coc:1:    layout_ice_bergs
Coc:2:    layout_ice_bergs
Coc:3:    layout_ice_bergs
Coc:4:    layout_cocytus_delve, hangedman_elemental_grid_stream
Coc:5:    layout_ice_bergs
Coc:6:    layout_cocytus_water_paths
Coc:7:    coc_old
Tar:1:    layout_grid_maze
Tar:2:    layout_grid_maze
Tar:3:    layout_cathedral_of_symmetry
Tar:4:    layout_grid_maze, nicolae_tar_fractal_crypt
Tar:5:    layout_grid_maze
Tar:6:    layout_honeycomb
Tar:7:    tar_mu [tar_mu_maze]
Zot:1:    layout_basic, ebering_ghost_xom
Zot:2:    layout_misc_corridors, st_stairs_12, grunt_ministairs_8,
          hangedman_snake_sidewinding
Zot:3:    layout_misc_corridors
Zot:4:    gammafunk_dig_for_victory, layout_onion, nicolae_transmutations_shop
Pan:      evilmike_mini_pan_branches, layout_rooms, nicolae_pan_diamonds,
          layout_irregular_city, evilmike_mini_pan_corner, layout_small_grid,
          regret_index_pan_draining_boxed, layout_gridlike,
          nicolae_pan_cerebovesque_3, evilmike_cerebov_lava, layout_basic,
          lemuel_hall_of_pain, layout_gridville, rand_demon_7, layout_basic,
          pan_blood_fountain_small, pan_blood_fountain, nicolae_pan_sigil_nadil,
          evilmike_mini_pan_3x3, layout_gridlike, pan_blood_fountain,
          nicolae_pan_mnolegish_3, pan_surprise, evilmike_holy_pan,
          lom_lobon_grunt, layout_basic, nicolae_pan_cerebovesque_1,
          evilmike_gloorx_vloq_box, layout_gridlike, pan_blood_fountain,
          evilmike_mini_pan_T, layout_grid_shapes, mnoleg, layout_long_grid,
          lemuel_hellion_island, layout_onion_city, nicolae_pan_lom_lobonic_3

Skill      XL: |  1  2  3  4  5  6  7  8  9 10 11 12 13 14 15 16 17 18 19 20 21 22 23 24 25 26 27 |
---------------+----------------------------------------------------------------------------------+-----
Spellcasting   | 5 6 7 8 9 10 11 12 13 14 15 16 17 25 | 25.8
Invocations    | 1 2 3 4 5 6 7 8 9 10 11 12 13 14 15 16 17 18 27 | 27.0
Short Blades   | 1 2 3 4 5 6 7 8 9 10 11 12 13 14 15 16 17 25 | 25.6
Long Blades    | 1 2 3 4 5 6 7 8 9 10 11 12 13 14 15 16 17 25 | 25.6
Axes           | 1 2 3 4 5 6 7 8 9 10 11 12 13 14 15 16 17 25 | 25.6
Maces & Flails | 1 2 3 4 5 6 7 8 9 10 11 12 13 14 15 16 17 25 | 25.6
Staves         | 1 2 3 4 5 6 7 8 9 10 11 12 13 14 15 16 17 25 | 25.6
Slings         | 1 2 3 4 5 6 7 8 9 10 11 12 13 14 15 16 17 27 | 27.0
Bows           | 1 2 3 4 5 6 7 8 9 10 11 12 13 14 15 16 17 25 | 25.6
Crossbows      | 1 2 3 4 5 6 7 8 9 10 11 12 13 14 15 16 17 25 | 25.6
Stealth        | 1 2 3 4 5 6 7 8 9 10 11 12 13 14 15 16 17 25 | 25.6
Shields        | 1 2 3 4 5 6 7 8 9 10 11 12 13 14 15 16 17 25 | 25.6
Unarmed Combat | 1 2 3 4 5 6 7 8 9 10 11 12 13 14 15 16 17 25 | 25.6
Evocations     | 1 2 3 4 5 6 7 8 9 10 11 12 13 14 15 16 17 25 | 25.6
Conjurations   | 1 2 3 4 5 6 7 8 9 10 11 12 13 14 22 | 22.3
Hexes          | 1 2 3 4 5 6 7 8 9 10 11 12 13 14 22 | 22.3
Summonings     | 1 2 3 4 5 6 7 8 9 10 11 12 13 14 22 | 22.3
Necromancy     | 1 2 3 4 5 6 7 8 9 10 11 12 13 14 22 | 22.3
Transmutations | 1 2 3 4 5 6 7 8 9 10 11 12 13 14 22 | 22.3
Fire Magic     | 1 2 3 4 5 6 7 8 9 10 11 12 13 14 22 | 22.3
Ice Magic      | 1 2 3 4 5 6 7 8 9 10 11 12 13 14 22 | 22.3
Air Magic      | 1 2 3 4 5 6 7 8 9 10 11 12 13 14 22 | 22.3
Earth Magic    | 1 2 3 4 5 6 7 8 9 10 11 12 13 14 22 | 22.3
Poison Magic   | 1 2 3 4 5 6 7 8 9 10 11 12 13 14 22 | 22.3
Throwing       | 3 4 5 6 7 8 9 10 11 12 13 14 15 16 17 25 | 25.6
Armour         | 3 4 5 6 7 8 9 10 11 12 13 14 15 16 17 27 | 27.0
Fighting       | 5 6 7 8 9 10 11 12 13 14 15 16 17 25 | 25.8
Polearms       | 5 6 7 8 9 10 11 12 13 14 15 16 17 25 | 25.8
Dodging        | 5 6 7 8 9 10 11 12 13 14 15 16 17 25 | 25.8
Translocations | 6 7 8 9 10 11 12 13 14 15 22 | 22.7

Action                   |  1- 3 |  4- 6 |  7- 9 | 10-12 | 13-15 | 16-18 | 19-21 | 22-24 | 25-27 || total
-------------------------+-------+-------+-------+-------+-------+-------+-------+-------+-------++-------
Melee: Spear             |   184 |   220 |   360 |   940 |       |       |       |       |       ||  1704
       Bite              |    17 |    19 |    33 |    67 |   132 |   151 |   129 |   260 |  1511 ||  2319
       Punch             |       |       |     7 |     1 |       |       |       |       |       ||     8
       Demon trident     |       |       |       |    59 |  1280 |  1914 |  1627 |  1774 |  6925 || 13579
       Unarmed           |       |       |       |       |       |       |       |       |  4410 ||  4410
       Headbutt          |       |       |       |       |       |       |       |       |  1330 ||  1330
       Eudemon blade     |       |       |       |       |       |       |       |       |   326 ||   326
       Kick              |       |       |       |       |       |       |       |       |   318 ||   318
       Long sword        |       |       |       |       |       |       |       |       |    99 ||    99
       Double sword      |       |       |       |       |       |       |       |       |    71 ||    71
       War axe           |       |       |       |       |       |       |       |       |    34 ||    34
Throw: Boomerang         |       |     5 |       |       |       |       |     6 |       |     5 ||    16
       Throwing net      |       |     1 |     2 |       |       |       |       |       |       ||     3
       Dart              |       |       |     3 |    14 |    27 |    62 |     4 |       |     6 ||   116
       Javelin           |       |       |       |       |       |       |       |       |     1 ||     1
 Cast: Gell's Gravitas   |       |     5 |       |    47 |    63 |    46 |     7 |       |    11 ||   179
       Conjure Flame     |       |       |       |    45 |    14 |     4 |    13 |     2 |     9 ||    87
       Airstrike         |       |       |       |     9 |       |       |       |     4 |       ||    13
       Summon Lightning  |       |       |       |     4 |    14 |    14 |    21 |    11 |    12 ||    76
       Call Imp          |       |       |       |     3 |       |       |       |       |       ||     3
       Blink             |       |       |       |     6 |    24 |    14 |     4 |     7 |    21 ||    76
       Sticky Flame      |       |       |       |     3 |     4 |       |       |       |       ||     7
       Summon Ice Beast  |       |       |       |     2 |     4 |     4 |     7 |     5 |     7 ||    29
       Petrify           |       |       |       |       |    22 |    13 |     3 |     2 |     5 ||    45
       Manifold Assault  |       |       |       |       |       |       |    84 |    33 |   716 ||   833
       Statue Form       |       |       |       |       |       |       |     4 |     1 |   232 ||   237
       Conjure Ball Ligh |       |       |       |       |       |       |       |    16 |    10 ||    26
       Ozocubu's Refrige |       |       |       |       |       |       |       |       |   154 ||   154
       Irradiate         |       |       |       |       |       |       |       |       |    98 ||    98
       Ignition          |       |       |       |       |       |       |       |       |    13 ||    13
       Summon Hydra      |       |       |       |       |       |       |       |       |     9 ||     9
       Summon Horrible T |       |       |       |       |       |       |       |       |     4 ||     4
       Dispersal         |       |       |       |       |       |       |       |       |     2 ||     2
       Apportation       |       |       |       |       |       |       |       |       |     2 ||     2
       Invisibility      |       |       |       |       |       |       |       |       |     1 ||     1
Invok: Curse Item        |       |       |     4 |     4 |     1 |     2 |     4 |     1 |     2 ||    18
       Shatter the Chain |       |       |       |     5 |       |     1 |       |     1 |     2 ||     9
Evoke: Wand              |       |       |       |    11 |     6 |     2 |       |       |    11 ||    30
       Lightning rod     |       |       |       |       |       |     1 |     5 |       |     4 ||    10
       Condenser vane    |       |       |       |       |       |       |     2 |       |     8 ||    10
       Horn of Geryon    |       |       |       |       |       |       |       |       |     1 ||     1
  Use: Scroll            |     2 |     2 |       |     7 |     6 |     9 |     3 |     6 |    52 ||    87
       Potion            |       |     2 |       |     1 |     9 |    13 |    10 |     8 |    60 ||   103
 Stab: Sleeping          |     2 |       |     9 |    19 |    37 |    45 |    48 |     2 |    34 ||   196
       Paralysed         |       |       |       |     7 |       |       |       |       |       ||     7
       Distracted        |       |       |       |     5 |     1 |    11 |    11 |     4 |    43 ||    75
       Petrified         |       |       |       |       |    33 |    13 |       |     3 |     3 ||    52
       Petrifying        |       |       |       |       |     3 |     1 |       |       |     1 ||     5
       Confused          |       |       |       |       |       |       |       |       |     2 ||     2
       Invisible         |       |       |       |       |       |       |       |       |     1 ||     1
Armor: Leather armour    |    34 |    23 |    70 |     2 |       |       |       |       |       ||   129
       Steam dragon scal |       |       |       |    77 |       |       |       |       |       ||    77
       Quicksilver drago |       |       |       |    13 |   264 |   441 |   199 |     7 |       ||   924
       Skin              |       |       |       |       |   134 |       |    57 |     4 |   966 ||  1161
       Crystal plate arm |       |       |       |       |       |       |       |   432 |  1852 ||  2284
Dodge: Dodged            |    57 |    94 |   171 |   264 |   417 |   532 |   260 |   232 |  2563 ||  4590
Block: Buckler           |       |       |       |   130 |   329 |   335 |       |       |       ||   794
       Kite shield       |       |       |       |       |       |   276 |   738 |   876 |  8816 || 10706
       Rpst.: Eudemon blade |       |       |       |       |       |       |       |       |     6 ||     6
       Double sword      |       |       |       |       |       |       |       |       |     5 ||     5
       Long sword        |       |       |       |       |       |       |       |       |     1 ||     1

Table legend: (Time is in decaauts)
 A = Elapsed time spent in this place.
 B = Non-inter-level travel time spent in this place.
 C = Inter-level travel time spent in this place.
 D = Time resting spent in this place.
 E = Time spent auto-exploring this place.
 F = Levels seen in this place.
 G = Mean time per level.
                   A        B        C        D        E       F      G
               +--------+--------+--------+--------+--------+-----+--------+
         Total | 113725 | 103254 |  10471 |  19922 |  47982 | 114 |  997.6 |
       Dungeon |  18949 |  16478 |   2471 |   3353 |   9771 |  15 | 1263.3 |
          Lair |   8170 |   6382 |   1788 |    938 |   3872 |   6 | 1361.7 |
        Shoals |   5299 |   4823 |    476 |   1100 |   1928 |   4 | 1324.8 |
     Snake Pit |   5542 |   5353 |    189 |   1050 |   2780 |   4 | 1385.5 |
    Slime Pits |   3771 |   3187 |    584 |    408 |   1729 |   5 |  754.2 |
  Orcish Mines |   3507 |   3089 |    418 |    758 |   1272 |   2 | 1753.5 |
   Elven Halls |   4319 |   3681 |    638 |    554 |   2003 |   3 | 1439.7 |
        Vaults |   9123 |   8081 |   1042 |    805 |   5055 |   5 | 1824.6 |
         Crypt |   3757 |   3281 |    476 |    211 |   1810 |   3 | 1252.3 |
        Depths |   8626 |   7568 |   1058 |   2103 |   3417 |   5 | 1725.2 |
          Hell |   1341 |   1145 |    196 |    492 |    341 |   1 | 1341.0 |
           Dis |   2919 |   2740 |    179 |    284 |    826 |   7 |  417.0 |
       Gehenna |   4790 |   4398 |    392 |   1087 |   1672 |   7 |  684.3 |
       Cocytus |   4366 |   4151 |    215 |    837 |   1541 |   7 |  623.7 |
      Tartarus |   6026 |   5894 |    132 |   1504 |   1724 |   7 |  860.9 |
           Zot |   4087 |   3874 |    213 |    409 |   2558 |   4 | 1021.8 |
         Abyss |   3668 |   3668 |      0 |    713 |    162 |   5 |  733.6 |
   Pandemonium |  13980 |  13980 |      0 |   2714 |   5303 |  14 |  998.6 |
      Ziggurat |    963 |    963 |      0 |    544 |    113 |   8 |  120.4 |
        Bazaar |     89 |     89 |      0 |      0 |     71 |   1 |   89.0 |
      Gauntlet |    423 |    423 |      0 |     53 |     26 |   1 |  423.0 |
               +--------+--------+--------+--------+--------+-----+--------+

Top non-repeatable levels by time:
   Tar:7: 3629 daAuts
   Geh:7: 3301 daAuts
Depths:1: 2735 daAuts
Vaults:3: 2350 daAuts
    D:11: 2287 daAuts
   Coc:7: 2159 daAuts
   Orc:2: 2107 daAuts
   Dis:7: 2067 daAuts
 Crypt:3: 1964 daAuts
 Snake:4: 1816 daAuts
Vaults:4: 1808 daAuts
    D:10: 1790 daAuts
Depths:3: 1747 daAuts
Vaults:2: 1717 daAuts
Vaults:5: 1692 daAuts
